 Dungeon Crawl Stone Soup version 0.28.0 (webtiles) character file.

Game seed: 9925383405127147519

442660 GrayStillPlays the Opulent (level 24, -4/247 (253) HPs)
             Began as a Gnoll Fighter on Feb 15, 2022.
             Was an Initiate of Gozag.
             Splashed by a caustic shrike's acid (5 damage)
             ... on level 2 of the Depths on Feb 16, 2022.
             The game lasted 05:41:07 (96082 turns).

GrayStillPlays the Opulent (Gnoll Fighter)         Turns: 96082, Time: 05:41:08

HP:   -4/247 (253)  AC: 25    Str: 15    XL:     24   Next: 14%
MP:   47/47         EV: 22    Int: 24    God:    Gozag
Gold: 7850          SH: 27    Dex: 14    Spells: 21/55 levels left

rFire   + . .      SeeInvis .   g - +2 Maxwell's thermic engine {flame, freeze}
rCold   + + .      Faith    .   p - +7 tower shield of Recklessness {rElec}
rNeg    + . .      Spirit   .   (armour currently unavailable)
rPois   ∞          Reflect  .   B - +2 hat of Hedging {rElec rF+ rC+ Str-3}
rElec   +          Harm     .   j - +0 cloak "Dufaeg" {Int+6 Slay+2}
rCorr   .          Rampage  .   (gloves currently unavailable)
Will    +....                   (boots currently unavailable)
Stlth   ++++++....              U - amulet of Lady Luck {RegenMP Regen+ Int+3}
HPRegen 1.31/turn               O - +4 ring of evasion
MPRegen 0.70/turn               t - ring of wizardry

@: statue-form, silenced, corroded, gold aura, lightly drained, invisible, very
slow
A: slow and powerful, torment resistance 1, boosted hp, fangs 1, strong nose,
distributed training, claws 1, talons 1, thin skeletal structure 1, cold
resistance 1, dopey 1, high MP 1, wild magic 1
}: 2/15 runes: barnacled, gossamer
a: End Transformation, Renounce Religion


You were on level 2 of the Depths.
You worshipped Gozag.
Gozag was greatly pleased with you.
You were a living statue of rough stone.
You visited 9 branches of the dungeon, and saw 42 of its levels.
You visited 1 bazaar.
You also visited: Trove and Wizlab.

You collected 18139 gold pieces.
You spent 3575 gold pieces at shops.
You paid 6714 gold pieces to Gozag.


Innate Abilities, Weirdness & Mutations

You are a living statue of rough stone.
Your actions are slow, but your melee attacks are powerful.
You are resistant to unholy torment.
Your maximum health is greatly increased.
You are immune to poison.
Your equipment is partially melded.
You have very sharp teeth.
Your uncanny sense of smell can sniff out nearby items.
Your experience applies equally to all skills.
You have sharp fingernails.
You have sharp toenails.
You have a somewhat thin skeletal structure. (Dex +2, Stealth+)
Your flesh is cold resistant. (rC+)
You are dopey. (Int -2)
You have an increased reservoir of magic. (+10% MP)
Your spells are a little harder to cast, but a little more powerful.


   Skills:
 + Level 17.3 Fighting
 + Level 16.1 Short Blades
 + Level 16.1 Long Blades
 + Level 16.7 Axes
 + Level 16.1 Maces & Flails
 + Level 16.1 Polearms
 + Level 16.1 Staves
 + Level 16.1 Slings
 + Level 16.1 Bows
 + Level 16.1 Crossbows
 + Level 16.1 Throwing
 + Level 17.3 Armour
 + Level 16.1 Dodging
 + Level 16.1 Stealth
 + Level 17.3 Shields
 + Level 16.1 Unarmed Combat
 + Level 16.1 Spellcasting
 + Level 13.7 Conjurations
 + Level 13.7 Hexes
 + Level 13.7 Summonings
 + Level 13.7 Necromancy
 + Level 13.7 Translocations
 + Level 13.7 Transmutations
 + Level 13.7 Fire Magic
 + Level 13.7 Ice Magic
 + Level 13.7 Air Magic
 + Level 13.7 Earth Magic
 + Level 13.7 Poison Magic
 + Level 17.5 Invocations
 + Level 16.1 Evocations


You had 21 spell levels left.
You knew the following spells:

 Your Spells              Type           Power      Damage    Failure   Level
a - Silence               Hex/Air        42%        N/A       1%          5
b - Statue Form           Tmut/Erth      56%        N/A       2%          6
c - Fireball              Conj/Fire      42%        3d17      1%          5
d - Eringya's Noxious Bo  Tmut/Pois      42%        N/A       2%          6
e - Summon Mana Viper     Hex/Summ       84%        N/A       1%          5
f - Monstrous Menagerie   Summ           42%        N/A       13%         7

Your spell library contained the following spells:

 Spells                   Type           Power      Damage    Failure   Level
 Pain                     Necr           100%       1d9       1%          1
 Shock                    Conj/Air       100%       1d9       1%          1
 Sting                    Tmut/Pois      100%       1d8       1%          1
 Summon Small Mammal      Summ           100%       N/A       1%          1
 Blink                    Tloc           100%       N/A       1%          2
 Ensorcelled Hibernation  Hex/Ice        100%       N/A       1%          2
 Poisonous Vapours        Pois/Air       100%       N/A       1%          2
 Static Discharge         Conj/Air       84%        N/A       1%          2
 Call Canine Familiar     Summ           84%        N/A       1%          3
 Dazzling Flash           Conj/Hex       100%       N/A       1%          3
 Gell's Gravitas          Tloc           84%        N/A       1%          3
 Ignite Poison            Fire/Tmut/Pois 84%        N/A       1%          3
 Mephitic Cloud           Conj/Pois/Air  84%        N/A       1%          3
 Ozocubu's Armour         Ice            84%        N/A       1%          3
 Spider Form              Tmut/Pois      84%        N/A       1%          3
 Summon Guardian Golem    Hex/Summ       84%        N/A       1%          3
 Swiftness                Air            84%        N/A       1%          3
 Tukima's Dance           Hex            84%        N/A       1%          3
 Vampiric Draining        Necr           84%        2d12      1%          3
 Airstrike                Air            42%        N/A       1%          4
 Anguish                  Hex/Necr       42%        N/A       1%          4
 Animate Armour           Summ/Erth      100%       N/A       1%          4
 Animate Dead             Necr           42%        N/A       1%          4
 Cause Fear               Hex            42%        N/A       1%          4
 Flame Wave               Conj/Fire      84%        2d15      1%          4
 Iskenderun's Mystic Bla  Conj/Tloc      84%        2d17      1%          4
 Leda's Liquefaction      Hex/Erth       42%        N/A       1%          4
 Olgreb's Toxic Radiance  Pois           84%        N/A       1%          4
 Passage of Golubria      Tloc           84%        N/A       1%          4
 Summon Ice Beast         Ice/Summ       84%        N/A       1%          4
 Agony                    Necr           84%        N/A       1%          5
 Alistair's Intoxication  Tmut/Pois      56%        N/A       1%          5
 Blade Hands              Tmut           42%        N/A       1%          5
 Borgnjor's Vile Clutch   Necr/Erth      42%        N/A       1%          5
 Freezing Cloud           Conj/Ice/Air   42%        6-21      1%          5
 Iskenderun's Battlesphe  Conj           84%        2d13      1%          5
 Lee's Rapid Deconstruct  Erth           42%        3d21*     1%          5
 Metabolic Englaciation   Hex/Ice        42%        N/A       1%          5
 Summon Forest            Summ/Tloc      42%        N/A       1%          5
 Yara's Violent Unravell  Hex/Tmut       42%        3d17      1%          5
 Conjure Ball Lightning   Conj/Air       42%        3x3d15    2%          6
 Death Channel            Necr           42%        N/A       2%          6
 Iron Shot                Conj/Erth      42%        9d8       2%          6
 Simulacrum               Ice/Necr       42%        N/A       2%          6
 Starburst                Conj/Fire      42%        6d12      2%          6
 Summon Cactus Giant      Summ           42%        N/A       2%          6
 Dragon Form              Tmut           42%        N/A       13%         7
 Haunt                    Necr/Summ      42%        N/A       13%         7
 Orb of Destruction       Conj           42%        9d12      13%         7
 Borgnjor's Revivificati  Necr           42%        N/A       63%         8
 Lehudib's Crystal Spear  Conj/Erth      42%        10d10     63%         8
 Necromutation            Tmut/Necr      42%        N/A       63%         8
 Death's Door             Necr           42%        N/A       100%        9
 Dragon's Call            Summ           42%        N/A       100%        9

Inventory:

Hand Weapons
 g - the +2 Maxwell's thermic engine (weapon) {flame, freeze}
   (You took it off a deep elf annihilator on level 3 of the Elven Halls)

   It burns those it strikes, dealing additional fire damage.
   Big, fiery blades are also staple armaments of hydra-hunters.
   It freezes those it strikes, dealing additional cold damage.
   It can also slow down cold-blooded creatures.
   It becomes more effective when it hits something.
   This effect fades over time.
 X - a +9 demon trident of venom {polearm}
   (You took it off Donald on level 1 of the Orcish Mines)
Armour
 a - the +4 robe of the Orb Guardian (melded) {MP+9}
   (You bought it in a shop on level 4 of the Shoals)

   MP:        It affects your magic capacity (+9).
 e - the +2 helmet of the Evil One {rPois}
   (You found it in a treasure trove)

   rPois:     It protects you from poison.
 j - the +0 cloak "Dufaeg" (worn) {Int+6 Slay+2}
   (You found it in a treasure trove)

   Int:       It affects your intelligence (+6).
   Slay:      It affects your accuracy & damage with ranged weapons and melee
   (+2).
 p - the +7 tower shield of Recklessness (worn) {rElec}
   (You found it in a treasure trove)

   rElec:     It insulates you from electricity.
 B - the +2 hat of Hedging (worn) {rElec rF+ rC+ Str-3}
   (You found it in a treasure trove)

   Str:       It affects your strength (-3).
   rF:        It protects you from fire.
   rC:        It protects you from cold.
   rElec:     It insulates you from electricity.
 L - the +0 pair of gloves of Gozag's Favour (melded) {rF+++ rC++ Regen+ Str-4}
   (You found it in a treasure trove)

   Str:       It affects your strength (-4).
   rF:        It renders you almost immune to fire.
   rC:        It greatly protects you from cold.
   Regen:     It increases your rate of health regeneration.
 P - a +2 pair of boots (melded)
   (You found it on level 1 of the Elven Halls)
 Z - a +4 plate armour of cold resistance
   (You bought it in a shop on level 2 of the Lair of Beasts)
Jewellery
 t - a ring of wizardry (right claw)
   (You bought it in a shop on level 2 of the Orcish Mines)
 I - a ring of resist corrosion
   (You found it on level 1 of the Vaults)
 N - a ring of see invisible
   (You found it on level 4 of the Lair of Beasts)
 O - a +4 ring of evasion (left claw)
   (You found it on level 14 of the Dungeon)
 Q - a +4 ring of protection
   (You found it on level 7 of the Dungeon)
 U - the amulet of Lady Luck (around neck) {RegenMP Regen+ Int+3}
   (You bought it in a shop on level 13 of the Dungeon)

   [amulet of magic regeneration]

   It increases your rate of magic regeneration.
   Int:       It affects your intelligence (+3).
   Regen:     It increases your rate of health regeneration.
Wands
 f - a wand of iceblast (14)
   (You found it on level 13 of the Dungeon)
 h - a wand of acid (7)
   (You found it on level 12 of the Dungeon)
 n - a wand of digging (10)
   (You found it on level 6 of the Lair of Beasts)
 z - a wand of paralysis (8)
   (You found it on level 1 of the Elven Halls)
 A - a wand of mindburst (18)
   (You found it on level 7 of the Dungeon)
 E - a wand of flame (46)
   (You took it off Edmund on level 5 of the Dungeon)
 Y - a wand of polymorph (10) (quivered)
   (You found it on level 12 of the Dungeon)
Scrolls
 b - 4 scrolls of fog
 c - 5 scrolls of blinking {!r}
 i - 8 scrolls of identify {@r1}
 l - 8 scrolls of vulnerability {!r!r}
 o - 6 scrolls of teleportation {@r4}
 q - 2 scrolls of brand weapon
 y - a scroll of holy word
 C - 12 scrolls of magic mapping {!r}
 D - 2 scrolls of fear
 F - 4 scrolls of immolation {!r!r}
 G - a scroll of summoning
 R - 5 scrolls of torment {!r}
 W - a scroll of silence {!r}
Potions
 d - 5 potions of might
 k - 6 potions of brilliance
 m - 7 potions of flight
 r - 3 potions of berserk rage {!q}
 s - 9 potions of curing {@q1}
 v - a potion of resistance
 x - 3 potions of cancellation
 J - 6 potions of haste {@q3}
 M - a potion of invisibility
 V - a potion of magic
Miscellaneous
 w - a lightning rod (4/4)
   (You found it on level 14 of the Dungeon)
 H - a condenser vane (inert)
   (You found it on level 4 of the Shoals)
 K - a phantom mirror
   (You found it on level 3 of the Elven Halls)
 S - a tin of tremorstones (1/2) {throwing}
   (You found it on level 10 of the Dungeon)
 T - a phial of floods
   (You found it on level 2 of the Depths)

Dungeon Overview and Level Annotations

Branches:
Dungeon (15/15)            Temple (0/1) D:5            Lair (6/6) D:11
 Shoals (4/4) Lair:4       Spider (4/4) Lair:2        Slime (1/5) Lair:6
    Orc (2/2) D:12            Elf (3/3) Orc:2        Vaults (4/5) D:13
 Depths (3/4) D:15         WizLab (visited)
  Crypt: Vaults:2-3

Altars:
Ashenzari
Cheibriados
Dithmenos
Fedhas
Gozag
Hepliaklqana
Kikubaaqudgha
Makhleb
Okawaru
Ru
Trog
Uskayaw
Vehumet
Wu Jian
Xom
The Shining One
Lugonu

Shops:
D:10 *   D:11 **   D:12 ([   D:13 *   Orc:2 =(!(([*=![   Elf:1 ?=(   Elf:2 (*?
Lair:2 [   Shoals:3 **   Shoals:4 [   Vaults:3 *?   Depths:1 *   Depths:2 [(

Portals:
Hell: Depths:1 Depths:2 Depths:3
Abyss: Lair:6 Depths:2 Depths:3
Pandemonium: Depths:2
Ziggurat: Depths:2

Annotations:
D:5 2 transporters, Lobster4's ghost, weakling DrEE
D:6 2 transporters
D:10 exclusion: catoblepas
Orc:1 3 runed translucent doors, Coomeot's ghost, journeyman MfIE; Hazorath's ghost, journeyman TrBe; Potutehi's ghost, journeyman DDFi; Qihugg's ghost, journeyman DsAK; Wisobar's ghost, journeyman OgMo
Elf:1 2 transporters, Opsifuid's ghost, journeyman BaBe
Vaults:2 3 runed translucent doors, exclusion: bone dragon, tamionv's ghost, adept GrFi

########......# .... '.##$
.......#......#### .... ##..##∆
.......#......#..####.(..##....##
.......#......#.....###.'#......#
.$.....#......'.......# #$$.$....
..##...#......###########$#$$..#
..##...####....§§§§..##..$##..##
..#.......'...R§bb§.##R$...'$##
+###......#..$§§8§§§#$$$8..##'...
...#......#..$§§b§§§§§§§$..# ....
#######...#$$$§§b§§§§§§§..## #}..
......#...#.....#######..## ...
..$#..#...#.....# #### #..
...#..#...#.....# .#
.∩.#..#...#.....#
...#..#...#.....######
...#..##+##..........#


You could see 4 caustic shrikes and a rakshasa (unsilenced, unaware, very
poisoned).


Message History

😨 HP[-35]
You take 35 damage, and now have 86/244 hp.
Magic scrolls do not work when you're silenced!
The tremorstone explodes into fragments!
The burst of rock shards engulfs something!
The burst of rock shards engulfs the caustic shrike.
The burst of rock shards engulfs the caustic shrike! x3
The burst of rock shards engulfs you but does no damage.
The burst of rock shards engulfs something.
The burst of rock shards engulfs the caustic shrike.
The burst of rock shards engulfs the caustic shrike!
The burst of rock shards engulfs the caustic shrike.
The burst of rock shards engulfs the caustic shrike!
The burst of rock shards engulfs you but does no damage.
The burst of rock shards engulfs the caustic shrike!
The burst of rock shards engulfs you but does no damage.
The burst of rock shards engulfs something!
The burst of rock shards engulfs the caustic shrike! x3
The burst of rock shards engulfs something.
The burst of rock shards engulfs something!
The burst of rock shards engulfs the caustic shrike.
The caustic shrike is engulfed in blazing flames.
The caustic shrike completely misses you.
The caustic shrike is engulfed in blazing flames.
The caustic shrike barely misses you.
The caustic shrike is engulfed in blazing flames.
The caustic shrike misses you.
The caustic shrike is engulfed in blazing flames.
You block the caustic shrike's attack.
Something touches you but does no damage.
The caustic shrike is engulfed in blazing flames.
The caustic shrike claws you but does no damage.
The caustic shrike is engulfed in blazing flames.
The caustic shrike misses you.
The caustic shrike is engulfed in blazing flames.
The caustic shrike completely misses you.
The caustic shrike is engulfed in blazing flames.
You block the caustic shrike's attack. The rakshasa gestures at you.
The lance of force hits you!
* * * LOW HITPOINT WARNING * * *
You are knocked back by the lance of force.
You collide with the caustic shrike!
* * * LOW HITPOINT WARNING * * *
You feel a bit more experienced.
The caustic shrike is engulfed in blazing flames.
The caustic shrike claws you!!
* * * LOW HITPOINT WARNING * * *
The acid corrodes you!
You are splashed with acid!
* * * LOW HITPOINT WARNING * * *
The caustic shrike is engulfed in blazing flames.
The caustic shrike claws you!
* * * LOW HITPOINT WARNING * * *
You are splashed with acid!
* * * LOW HITPOINT WARNING * * *
The caustic shrike is distracted by your dazzling golden aura.
The caustic shrike claws you but does no damage. 😱 HP[-70]
You now have 247 max hp (+3).
You take 70 damage, and now have 16/247 hp.
MASSIVE DAMAGE!! (PAUSE)
Okay, then.
You feel much better.
The caustic shrike is engulfed in blazing flames.
You block the caustic shrike's attack.
The caustic shrike is engulfed in blazing flames.
You block the caustic shrike's attack.
The caustic shrike is engulfed in blazing flames. x2
The caustic shrike barely misses you.
The caustic shrike is engulfed in blazing flames.
The caustic shrike is distracted by your dazzling golden aura.
The caustic shrike is engulfed in blazing flames.
You block the caustic shrike's attack.
The caustic shrike is engulfed in blazing flames. x2
The caustic shrike claws you!
* * * LOW HITPOINT WARNING * * *
You are splashed with acid!
* * * LOW HITPOINT WARNING * * *
The caustic shrike is engulfed in blazing flames. x2
The caustic shrike claws you but does no damage.
The caustic shrike is engulfed in blazing flames.
The rakshasa is distracted by your dazzling golden aura.
The caustic shrike is engulfed in blazing flames.
The caustic shrike misses you. 😱 HP[-5]
You take 5 damage, and now have 11/247 hp.
Magic scrolls do not work when you're silenced!
You fade into invisibility!
The caustic shrike is no longer distracted by gold.
The rakshasa is no longer distracted by gold.
The caustic shrike is engulfed in blazing flames.
You block the caustic shrike's attack.
The caustic shrike is engulfed in blazing flames.
The caustic shrike closely misses you.
The caustic shrike is engulfed in blazing flames. x3
The caustic shrike barely misses you. The caustic shrike claws you!
* * * LOW HITPOINT WARNING * * *
You are splashed with acid.
You die...
Your body crumbles into a pile of gold.

Skill      XL: |  1  2  3  4  5  6  7  8  9 10 11 12 13 14 15 16 17 18 19 20 21 22 23 |
---------------+----------------------------------------------------------------------+-----
Invocations    | 1 2 3 4 5 6 7 8 9 10 11 12 13 14 15 16 17 | 17.5
Short Blades   | 1 2 3 4 5 6 7 8 9 10 11 12 13 14 15 16 | 16.1
Long Blades    | 1 2 3 4 5 6 7 8 9 10 11 12 13 14 15 16 | 16.1
Maces & Flails | 1 2 3 4 5 6 7 8 9 10 11 12 13 14 15 16 | 16.1
Polearms       | 1 2 3 4 5 6 7 8 9 10 11 12 13 14 15 16 | 16.1
Staves         | 1 2 3 4 5 6 7 8 9 10 11 12 13 14 15 16 | 16.1
Slings         | 1 2 3 4 5 6 7 8 9 10 11 12 13 14 15 16 | 16.1
Bows           | 1 2 3 4 5 6 7 8 9 10 11 12 13 14 15 16 | 16.1
Crossbows      | 1 2 3 4 5 6 7 8 9 10 11 12 13 14 15 16 | 16.1
Throwing       | 1 2 3 4 5 6 7 8 9 10 11 12 13 14 15 16 | 16.1
Dodging        | 1 2 3 4 5 6 7 8 9 10 11 12 13 14 15 16 | 16.1
Stealth        | 1 2 3 4 5 6 7 8 9 10 11 12 13 14 15 16 | 16.1
Unarmed Combat | 1 2 3 4 5 6 7 8 9 10 11 12 13 14 15 16 | 16.1
Spellcasting   | 1 2 3 4 5 6 7 8 9 10 11 12 13 14 15 16 | 16.1
Evocations     | 1 2 3 4 5 6 7 8 9 10 11 12 13 14 15 16 | 16.1
Conjurations   | 1 2 3 4 5 6 7 8 9 10 11 12 13 | 13.7
Hexes          | 1 2 3 4 5 6 7 8 9 10 11 12 13 | 13.7
Summonings     | 1 2 3 4 5 6 7 8 9 10 11 12 13 | 13.7
Necromancy     | 1 2 3 4 5 6 7 8 9 10 11 12 13 | 13.7
Translocations | 1 2 3 4 5 6 7 8 9 10 11 12 13 | 13.7
Transmutations | 1 2 3 4 5 6 7 8 9 10 11 12 13 | 13.7
Fire Magic     | 1 2 3 4 5 6 7 8 9 10 11 12 13 | 13.7
Ice Magic      | 1 2 3 4 5 6 7 8 9 10 11 12 13 | 13.7
Air Magic      | 1 2 3 4 5 6 7 8 9 10 11 12 13 | 13.7
Earth Magic    | 1 2 3 4 5 6 7 8 9 10 11 12 13 | 13.7
Poison Magic   | 1 2 3 4 5 6 7 8 9 10 11 12 13 | 13.7
Axes           | 5 6 7 8 9 10 11 12 13 14 15 16 | 16.7
Fighting       | 7 8 9 10 11 12 13 14 15 16 17 | 17.3
Armour         | 7 8 9 10 11 12 13 14 15 16 17 | 17.3
Shields        | 7 8 9 10 11 12 13 14 15 16 17 | 17.3

Action                   |  1- 3 |  4- 6 |  7- 9 | 10-12 | 13-15 | 16-18 | 19-21 | 22-24 || total
-------------------------+-------+-------+-------+-------+-------+-------+-------+-------++-------
Melee: War axe           |    89 |   122 |   272 |   688 |  1620 |   799 |       |       ||  3590
       Bite              |     7 |    15 |    29 |   102 |   325 |   353 |   294 |   198 ||  1323
       Mace              |       |       |       |    45 |       |       |       |       ||    45
       Short sword       |       |       |       |       |   153 |       |       |       ||   153
       Demon trident     |       |       |       |       |       |  1544 |  1680 |   461 ||  3685
       Double sword      |       |       |       |       |       |       |       |   816 ||   816
       Kick              |       |       |       |       |       |       |       |   331 ||   331
Throw: Dart              |       |       |    24 |     3 |     7 |    76 |     3 |       ||   113
       Stone             |       |       |       |     1 |       |       |       |       ||     1
 Cast: Silence           |       |       |       |       |     5 |       |       |    15 ||    20
       Statue Form       |       |       |       |       |       |     1 |    63 |    48 ||   112
       Fireball          |       |       |       |       |       |     1 |     5 |     1 ||     7
       Eringya's Noxious |       |       |       |       |       |       |    12 |    14 ||    26
       Summon Mana Viper |       |       |       |       |       |       |     8 |       ||     8
       Monstrous Menager |       |       |       |       |       |       |       |     1 ||     1
Invok: Call Merchant     |       |       |       |     1 |       |     1 |     1 |       ||     3
       Potion Petition   |       |       |       |       |     3 |     2 |     1 |     2 ||     8
Evoke: Wand              |       |       |     2 |     7 |    13 |    21 |     5 |       ||    48
       Tin of tremorston |       |       |       |     2 |     2 |     8 |     6 |     2 ||    20
       Lightning rod     |       |       |       |       |       |    10 |    13 |     4 ||    27
       Condenser vane    |       |       |       |       |       |       |     7 |     4 ||    11
  Use: Scroll            |       |       |    11 |    12 |    19 |     4 |     7 |     2 ||    55
       Potion            |       |       |     3 |     8 |     4 |    10 |     8 |     3 ||    36
 Stab: Distracted        |       |       |       |     3 |     7 |    12 |    14 |    10 ||    46
       Invisible         |       |       |       |       |       |     1 |       |       ||     1
       Sleeping          |       |       |       |       |       |       |    11 |     9 ||    20
Armor: Scale mail        |    27 |    36 |   103 |   373 |       |       |       |       ||   539
       Plate armour      |       |       |       |   121 |  1251 |  1655 |   234 |       ||  3261
       Skin              |       |       |       |       |       |       |   330 |   312 ||   642
       Robe              |       |       |       |       |       |       |    52 |    35 ||    87
Dodge: Dodged            |    48 |    43 |   126 |   347 |   406 |   893 |   983 |   576 ||  3422
Block: Buckler           |    22 |    26 |    80 |   162 |       |       |       |       ||   290
       Kite shield       |       |       |       |   220 |  1152 |  1861 |  1083 |       ||  4316
       Reflection        |       |       |       |       |    49 |    49 |    51 |       ||   149
       Tower shield      |       |       |       |       |       |       |   437 |  1522 ||  1959

Levels and vault maps discovered:
D:1:      saegor_arrival_simple_e, layout_loops_ring
D:2:      layout_basic, kennysheep_generic_room_14
D:3:      layout_basic
D:4:      layout_loops_ring, eat_drink_and_be_merry_uskayaw,
          grunt_temple_overflow_open
D:5:      layout_basic, overflow_temple_1_default, minmay_temple_entry_junction,
          gammafunk_ghost_gnarly_gnolls, uniq_edmund
D:6:      layout_cave_pools, general_overflow_altar,
          grunt_dithmenos_smoke_and_mirrors, gammafunk_temple_overflow_arena,
          nicolae_vehumet_radiance, uniq_sigmund, uniq_blork_the_orc
D:7:      layout_rooms, uniq_joseph
D:8:      layout_loops_corners, mainiacjoe_overflow_concentric_impassable,
          xom_teletrap_fun, enter_bailey_8, lightli_orcish_oven
D:9:      layout_small_grid
D:10:     minmay_clustersquares, layout_basic, serial_shops,
          nicolae_shop_behind_doors
D:11:     layout_basic, david_lair_generic, nicolae_specific_store,
          nicolae_two_hexagons, fungi_pond_lemuel, st_stairs_10,
          kennysheep_donut, kennysheep_generic_room_6, uniq_nergalle,
          uniq_maurice
D:12:     layout_irregular_city, orc_david_3, minmay_strange_pillars,
          onia_ninara_dug_in_and_dangerous
D:13:     layout_roguey, lightli_vaults_fourway_checkpoint, kennysheep_dice
D:14:     layout_loops_ring, serial_bayou_shore_a, chequers_mini_garden,
          uniq_roxanne
D:15:     grunt_enter_depths_snipers, layout_gridville
Lair:1:   layout_long_grid
Lair:2:   lemuel_reptile_caves, layout_cave_pods,
          hellmonk_spider_entry_not_the_bees
Lair:3:   layout_cave_pods, grunt_megastairs_4
Lair:4:   layout_regular_city, minmay_shoals_entry_hut
Lair:5:   layout_roguey, minmay_stone_trees_small
Lair:6:   hellmonk_lair_end_abyssal_woods, layout_small_grid,
          nicolae_slime_entry_slimehenge, basic_altar, grunt_megastairs_3
Shoals:1: layout_shoals
Shoals:2: layout_shoals, nicolae_shoals_aquamancer_cove
Shoals:3: layout_shoals, serial_shops, nicolae_shop_hallway_stairs,
          nicolae_shop_clearance, uniq_ilsuiw
Shoals:4: shoals_end_hangedman, layout_shoals, shoal_ilsuiw, serial_shops, shop
Spider:1: layout_spider_delve
Spider:2: layout_spider_delve, worms_lemuel
Spider:3: layout_spider_delve, nicolae_spider_cling_halls
Spider:4: hellmonk_spider_rune_bug_friends
Slime:1:  layout_caves
Orc:1:    layout_diamond_mine, basic_altar, serial_shops,
          gammafunk_ghost_cemetery, dreamdust_deal_with_the_devil
Orc:2:    st_orc_rangers, layout_caves, serial_shops, nicolae_lakefront_shop,
          nicolae_shop_hallway_plus, shop,
          nicolae_shop_competitors_out_of_business, nicolae_shop_stone,
          nicolae_volcano_entry_hallway, uniq_donald
Elf:1:    eino_elf_arrival_altar, layout_geoelf_octagon, serial_shops,
          nicolae_lakefront_shop, nicolae_shop_statue_plus, shop,
          gammafunk_ghost_wrathful_warriors, minmay_elf_demonology,
          hex_intersection, grunt_ministairs_15, einodemon_crawler_minivault
Elf:2:    elven_hall_of_blades_hangedman_alternative
          [nicolae_blade_entry_pointy_end], layout_loops_cross, serial_shops,
          nicolae_shop_window_shopping, nicolae_shop_statue_plus,
          nicolae_shop_stone
Elf:3:    minmay_elf_hall, layout_loops_cross, special_room [special_room_orc],
          serial_shops, bzr_entry_islet
Vaults:1: hangedman_vaults_hat, vaults_standard_mumra_x, vaults_dpeg_cross,
          nicolae_vaults_alarming, hangedman_vaults_restitches, v_misc_14,
          grunt_vaults_twisty, v_misc_1, hangedman_vaults_impose,
          hangedman_vaults_stretched_pinwheel, ontoclasm_vaults_claustrophobia,
          nicolae_vaults_rhombus_7, vaults_room_ringed_pool, v_misc_23,
          layout_vaults_omnibox
Vaults:2: gammafunk_ghost_fury_of_okawaru, hangedman_vaults_variations,
          vaults_room_door_hall, nicolae_vaults_network_periphery,
          hangedman_vaults_hard_town_square, minmay_crypt_entry_nasty_monster,
          vaults_dpeg_diagonal, nicolae_vaults_specimen_jars,
          nicolae_vaults_border_crossing, vaults_room_fours,
          dpeg_vaults_monster_box, vaults_dpeg_hooks, vaults_room_pools,
          nicolae_vaults_theta, layout_vaults_ring
Vaults:3: hangedman_vaults_cutoff, vaults_room_door_ring,
          hangedman_vaults_stream, hangedman_vaults_snaps, v_misc_2,
          vaults_mumra_bighexcomb, nicolae_vaults_little_squares_6,
          ontoclasm_vaults_chip, vaults_room_hallway, layout_vaults_omnigrid,
          serial_shops, shop, nicolae_shop_hallway_plus
Vaults:4: vaults_standard_mumra_enter_the_diamond, nicolae_vaults_little_ls,
          v_misc_2, v_misc_24, st_quartered_hall, hangedman_vaults_capsules,
          v_misc_8, v_pattern_4, nicolae_vaults_rhombus_5, vaults_mumra_chevron,
          layout_vaults_chaotic_city, nicolae_trove_entry_columns
Depths:1: minmay_stepped, layout_cave_pools, special_room [special_room_morgue],
          hell_entry, serial_glass, glass_columns_a, glass_columns_b,
          glass_columns_a, glass_columns_b, glass_columns_a, glass_columns_a,
          chequers_serial_rivers_large_a, serial_shops, shop,
          nicolae_danse_macabre
Depths:2: grunt_bent_corner, layout_gridville, enter_ziggurat_e,
          grunt_mini_vestibule, abyss_entry, dk_noncrumbling_3,
          rand_demon_pan_entry_1, infiniplex_staircase_pool_lava,
          minmay_shoptagon, uniq_asterion
Depths:3: minmay_the_grid_octo_triangle [minmay_the_grid_octo_horde,
          minmay_the_grid_octo_prize_star, minmay_the_grid_octo_fan_narrow],
          layout_basic, hangedman_abyss_or_decor_clamps, abyss_entry,
          hell_entry, mu_enter_wizlab_5, hex_tiny, infiniplex_staircase_pool_2

Notes
Turn   | Place    | Note
-------+----------+-------------------------------------------
     0 | D:1      | GrayStillPlays the Gnoll Fighter began the quest for the
                  | Orb.
     0 | D:1      | Reached XP level 1. HP: 23/23 MP: 1/1
     0 | D:1      | magus.rc [v1.9.6]
   282 | D:1      | Reached XP level 2. HP: 29/29 MP: 2/2
   853 | D:1      | Reached XP level 3. HP: 35/35 MP: 3/3
   974 | D:2      | Reached skill level 1 in Invocations
   975 | D:2      | Reached skill level 1 in Short Blades
   975 | D:2      | Reached skill level 1 in Long Blades
   975 | D:2      | Reached skill level 1 in Maces & Flails
   975 | D:2      | Reached skill level 1 in Polearms
   975 | D:2      | Reached skill level 1 in Staves
   975 | D:2      | Reached skill level 1 in Slings
   975 | D:2      | Reached skill level 1 in Bows
   975 | D:2      | Reached skill level 1 in Crossbows
   975 | D:2      | Reached skill level 1 in Throwing
   975 | D:2      | Reached skill level 1 in Dodging
   975 | D:2      | Reached skill level 1 in Stealth
   975 | D:2      | Reached skill level 1 in Unarmed Combat
   975 | D:2      | Reached skill level 1 in Spellcasting
   975 | D:2      | Reached skill level 1 in Evocations
   978 | D:2      | Reached XP level 4. HP: 14/41 MP: 3/5
   978 | D:2      | HP: 9/41 [gnoll (5)]
  1402 | D:2      | Reached skill level 1 in Conjurations
  1402 | D:2      | Reached skill level 1 in Hexes
  1402 | D:2      | Reached skill level 1 in Summonings
  1402 | D:2      | Reached skill level 1 in Necromancy
  1402 | D:2      | Reached skill level 1 in Translocations
  1402 | D:2      | Reached skill level 1 in Transmutations
  1402 | D:2      | Reached skill level 1 in Fire Magic
  1402 | D:2      | Reached skill level 1 in Ice Magic
  1402 | D:2      | Reached skill level 1 in Air Magic
  1402 | D:2      | Reached skill level 1 in Earth Magic
  1402 | D:2      | Reached skill level 1 in Poison Magic
  1508 | D:2      | You add the spells Ignite Poison, Mephitic Cloud and
                  | Freezing Cloud to your library.
  1602 | D:2      | Reached XP level 5. HP: 47/47 MP: 6/6
  2702 | D:4      | Reached XP level 6. HP: 51/53 MP: 8/8
  2730 | D:4      | Reached skill level 2 in Invocations
  2910 | D:4      | Reached skill level 2 in Short Blades
  2910 | D:4      | Reached skill level 2 in Long Blades
  2910 | D:4      | Reached skill level 5 in Axes
  2910 | D:4      | Reached skill level 2 in Maces & Flails
  2910 | D:4      | Reached skill level 2 in Polearms
  2910 | D:4      | Reached skill level 2 in Staves
  2910 | D:4      | Reached skill level 2 in Slings
  2910 | D:4      | Reached skill level 2 in Bows
  2910 | D:4      | Reached skill level 2 in Crossbows
  2910 | D:4      | Reached skill level 2 in Throwing
  2910 | D:4      | Reached skill level 2 in Dodging
  2910 | D:4      | Reached skill level 2 in Stealth
  2910 | D:4      | Reached skill level 2 in Unarmed Combat
  2910 | D:4      | Reached skill level 2 in Spellcasting
  2910 | D:4      | Reached skill level 2 in Evocations
  3305 | D:4      | Found an ornate altar of the Wu Jian Council.
  3306 | D:4      | Found a broken altar of Ashenzari.
  3307 | D:4      | Found a burning altar of Makhleb.
  3307 | D:4      | Found an opulent altar of Gozag.
  3308 | D:4      | Found an ancient bone altar of Kikubaaqudgha.
  3428 | D:4      | Found a hide-covered altar of Uskayaw.
  3541 | D:4      | Reached XP level 7. HP: 29/59 MP: 10/10
  3880 | D:4      | Reached skill level 7 in Fighting
  3880 | D:4      | Reached skill level 7 in Armour
  3880 | D:4      | Reached skill level 7 in Shields
  3970 | D:4      | Became a worshipper of Gozag Ym Sagoz the Greedy
  4010 | D:5      | Entered Level 5 of the Dungeon
  4025 | D:5      | Found a hazy altar of Hepliaklqana.
  4051 | D:5      | You pick up a book of Unlife and begin reading...
  4051 | D:5      | You add the spells Animate Dead, Borgnjor's Vile Clutch and
                  | Death Channel to your library.
  4054 | D:5      | Found a staircase to the Ecumenical Temple.
  4373 | D:5      | Reached skill level 2 in Conjurations
  4373 | D:5      | Reached skill level 2 in Hexes
  4373 | D:5      | Reached skill level 2 in Summonings
  4373 | D:5      | Reached skill level 2 in Necromancy
  4373 | D:5      | Reached skill level 2 in Translocations
  4373 | D:5      | Reached skill level 2 in Transmutations
  4373 | D:5      | Reached skill level 2 in Fire Magic
  4373 | D:5      | Reached skill level 2 in Ice Magic
  4373 | D:5      | Reached skill level 2 in Air Magic
  4373 | D:5      | Reached skill level 2 in Earth Magic
  4373 | D:5      | Reached skill level 2 in Poison Magic
  4506 | D:5      | Noticed Edmund
  4712 | D:5      | Killed Edmund
  4713 | D:5      | Reached skill level 3 in Invocations
  4881 | D:5      | You pick up a book of Air and begin reading...
  4881 | D:5      | You add the spells Shock, Swiftness and Airstrike to your
                  | library.
  4910 | D:5      | Identified the +0 trident of Defiance {vamp, Contam Str+4
                  | Dex+7}
  4910 | D:5      | Identified the +0 scale mail of Indomitability {rPois}
  5024 | D:5      | Found a transporter.
  5033 | D:5      | Noticed Lobster4's ghost (weakling DrEE)
  5309 | D:5      | Found a transporter.
  5478 | D:5      | Reached XP level 8. HP: 50/67 MP: 12/12
  5604 | D:6      | Noticed Blork the orc
  5617 | D:6      | Killed Blork the orc
  5618 | D:6      | Reached skill level 3 in Short Blades
  5618 | D:6      | Reached skill level 3 in Long Blades
  5618 | D:6      | Reached skill level 3 in Maces & Flails
  5618 | D:6      | Reached skill level 3 in Polearms
  5618 | D:6      | Reached skill level 3 in Staves
  5618 | D:6      | Reached skill level 3 in Slings
  5618 | D:6      | Reached skill level 3 in Bows
  5618 | D:6      | Reached skill level 3 in Crossbows
  5618 | D:6      | Reached skill level 3 in Throwing
  5618 | D:6      | Reached skill level 3 in Dodging
  5618 | D:6      | Reached skill level 3 in Stealth
  5618 | D:6      | Reached skill level 3 in Unarmed Combat
  5618 | D:6      | Reached skill level 3 in Spellcasting
  5618 | D:6      | Reached skill level 3 in Evocations
  5764 | D:6      | Found a sacrificial altar of Ru.
  5768 | D:6      | Found a transporter.
  5774 | D:6      | Noticed Sigmund
  5796 | D:6      | Killed Sigmund
  5966 | D:6      | Found a glowing golden altar of the Shining One.
  6145 | D:6      | You pick up a book of the Spheres and begin reading...
  6145 | D:6      | You add the spells Iskenderun's Battlesphere, Fireball,
                  | Conjure Ball Lightning and Orb of Destruction to your
                  | library.
  6156 | D:6      | Found a shadowy altar of Dithmenos.
  6214 | D:6      | Found a radiant altar of Vehumet.
  6495 | D:6      | Found a transporter.
  6509 | D:6      | HP: 10/67 [orc warrior (10)]
  6648 | D:6      | HP: 15/67 [orc warrior (10)]
  6911 | D:6      | HP: 11/67 [orc warrior (10)]
  6921 | D:6      | HP: 16/67 [orc warrior (2)]
  7374 | D:7      | Noticed a wyvern
  7384 | D:7      | Killed a wyvern
  7495 | D:7      | Noticed a troll
  7515 | D:7      | Reached skill level 3 in Conjurations
  7515 | D:7      | Reached skill level 3 in Hexes
  7515 | D:7      | Reached skill level 3 in Summonings
  7515 | D:7      | Reached skill level 3 in Necromancy
  7515 | D:7      | Reached skill level 3 in Translocations
  7515 | D:7      | Reached skill level 3 in Transmutations
  7515 | D:7      | Reached skill level 3 in Fire Magic
  7515 | D:7      | Reached skill level 3 in Ice Magic
  7515 | D:7      | Reached skill level 3 in Air Magic
  7515 | D:7      | Reached skill level 3 in Earth Magic
  7515 | D:7      | Reached skill level 3 in Poison Magic
  7515 | D:7      | Reached skill level 4 in Invocations
  7543 | D:7      | HP: 11/67 [troll (12)]
  7545 | D:7      | HP: 4/67 [troll (6)]
  7560 | D:7      | Killed a troll
  7561 | D:7      | Reached skill level 6 in Axes
  7561 | D:7      | Reached XP level 9. HP: 36/73 MP: 14/14
  7784 | D:7      | Reached skill level 4 in Short Blades
  7784 | D:7      | Reached skill level 4 in Long Blades
  7784 | D:7      | Reached skill level 4 in Maces & Flails
  7784 | D:7      | Reached skill level 4 in Polearms
  7784 | D:7      | Reached skill level 4 in Staves
  7784 | D:7      | Reached skill level 4 in Slings
  7784 | D:7      | Reached skill level 4 in Bows
  7784 | D:7      | Reached skill level 4 in Crossbows
  7784 | D:7      | Reached skill level 4 in Throwing
  7784 | D:7      | Reached skill level 4 in Dodging
  7784 | D:7      | Reached skill level 4 in Stealth
  7784 | D:7      | Reached skill level 4 in Unarmed Combat
  7784 | D:7      | Reached skill level 4 in Spellcasting
  7784 | D:7      | Reached skill level 4 in Evocations
  7854 | D:7      | Noticed Joseph
  7896 | D:7      | HP: 18/74 [Joseph/sling bullet (15)]
  7903 | D:7      | HP: 13/74 [Joseph/sling bullet (7)]
  8197 | D:8      | Found a blossoming altar of Fedhas.
  8304 | D:8      | Found a shimmering altar of Xom.
  8464 | D:8      | Reached skill level 8 in Fighting
  8464 | D:8      | Reached skill level 8 in Armour
  8464 | D:8      | Reached skill level 8 in Shields
  8467 | D:8      | You pick up a book of Dreams and begin reading...
  8467 | D:8      | You add the spells Ensorcelled Hibernation, Spider Form and
                  | Anguish to your library.
  8545 | D:8      | Reached skill level 5 in Invocations
  8555 | D:8      | HP: 14/74 [steam dragon/ball of steam (11)]
  8556 | D:8      | HP: 6/74 [steam dragon] (8)]
  8557 | D:8      | Reached XP level 10. HP: 7/80 MP: 4/17
  8567 | D:8      | Reached skill level 4 in Conjurations
  8567 | D:8      | Reached skill level 4 in Hexes
  8567 | D:8      | Reached skill level 4 in Summonings
  8567 | D:8      | Reached skill level 4 in Necromancy
  8567 | D:8      | Reached skill level 4 in Translocations
  8567 | D:8      | Reached skill level 4 in Transmutations
  8567 | D:8      | Reached skill level 4 in Fire Magic
  8567 | D:8      | Reached skill level 4 in Ice Magic
  8567 | D:8      | Reached skill level 4 in Air Magic
  8567 | D:8      | Reached skill level 4 in Earth Magic
  8567 | D:8      | Reached skill level 4 in Poison Magic
  8615 | D:8      | HP: 15/80 [orc priest/divine providence (10)]
  8620 | D:8      | HP: 17/80 [howler monkey (4)]
  8624 | D:8      | HP: 8/80 [wyvern zombie (6)]
  8626 | D:8      | Reached skill level 5 in Short Blades
  8626 | D:8      | Reached skill level 5 in Long Blades
  8626 | D:8      | Reached skill level 5 in Maces & Flails
  8626 | D:8      | Reached skill level 5 in Polearms
  8626 | D:8      | Reached skill level 5 in Staves
  8626 | D:8      | Reached skill level 5 in Slings
  8626 | D:8      | Reached skill level 5 in Bows
  8626 | D:8      | Reached skill level 5 in Crossbows
  8626 | D:8      | Reached skill level 5 in Throwing
  8626 | D:8      | Reached skill level 5 in Dodging
  8626 | D:8      | Reached skill level 5 in Stealth
  8626 | D:8      | Reached skill level 5 in Unarmed Combat
  8626 | D:8      | Reached skill level 5 in Spellcasting
  8626 | D:8      | Reached skill level 5 in Evocations
  9038 | D:8      | You pick up a book of Dreams and begin reading...
  9693 | D:7      | Killed Joseph
  9834 | D:7      | Reached skill level 7 in Axes
 11274 | D:9      | Reached skill level 6 in Invocations
 11377 | D:9      | You pick up a book of the Moon and begin reading...
 11377 | D:9      | You add the spells Passage of Golubria, Silence and
                  | Lehudib's Crystal Spear to your library.
 11496 | D:10     | Entered Level 10 of the Dungeon
 11746 | D:10     | Found Taracvu's General Store.
 11858 | D:10     | Noticed a catoblepas
 11922 | D:10     | Noticed a centaur warrior
 11978 | D:10     | Noticed a two-headed ogre
 11989 | D:10     | Killed a two-headed ogre
 12021 | D:10     | Reached XP level 11. HP: 72/87 MP: 16/19
 12600 | D:10     | Reached skill level 9 in Fighting
 12600 | D:10     | Reached skill level 6 in Short Blades
 12600 | D:10     | Reached skill level 6 in Long Blades
 12600 | D:10     | Reached skill level 6 in Maces & Flails
 12600 | D:10     | Reached skill level 6 in Polearms
 12600 | D:10     | Reached skill level 6 in Staves
 12600 | D:10     | Reached skill level 6 in Slings
 12600 | D:10     | Reached skill level 6 in Bows
 12600 | D:10     | Reached skill level 6 in Crossbows
 12600 | D:10     | Reached skill level 6 in Throwing
 12600 | D:10     | Reached skill level 9 in Armour
 12600 | D:10     | Reached skill level 6 in Dodging
 12600 | D:10     | Reached skill level 6 in Stealth
 12600 | D:10     | Reached skill level 9 in Shields
 12600 | D:10     | Reached skill level 6 in Unarmed Combat
 12600 | D:10     | Reached skill level 6 in Spellcasting
 12600 | D:10     | Reached skill level 6 in Evocations
 12623 | D:10     | Reached skill level 5 in Conjurations
 12623 | D:10     | Reached skill level 5 in Hexes
 12623 | D:10     | Reached skill level 5 in Summonings
 12623 | D:10     | Reached skill level 5 in Necromancy
 12623 | D:10     | Reached skill level 5 in Translocations
 12623 | D:10     | Reached skill level 5 in Transmutations
 12623 | D:10     | Reached skill level 5 in Fire Magic
 12623 | D:10     | Reached skill level 5 in Ice Magic
 12623 | D:10     | Reached skill level 5 in Air Magic
 12623 | D:10     | Reached skill level 5 in Earth Magic
 12623 | D:10     | Reached skill level 5 in Poison Magic
 13318 | D:10     | Killed a centaur warrior
 14196 | D:11     | Found a staircase to the Lair.
 14216 | D:11     | Reached skill level 7 in Invocations
 14329 | D:11     | Reached skill level 8 in Axes
 14440 | D:11     | Noticed a six-headed hydra
 14471 | D:11     | HP: 22/89 [six-headed hydra (4)]
 14477 | D:11     | HP: 19/89 [six-headed hydra (5)]
 14511 | D:11     | HP: 21/89 [six-headed hydra (4)]
 14995 | D:10     | magus.rc [v1.9.6]
 15234 | D:11     | Found Befit's Specific Store.
 15234 | D:11     | Found Vedghutee's General Store.
 15244 | D:11     | Bought a scroll of identify for 34 gold pieces
 15252 | D:11     | Noticed a two-headed ogre
 15277 | D:11     | Killed a two-headed ogre
 15370 | D:11     | Noticed Maurice
 15386 | D:11     | Killed Maurice
 15490 | D:11     | Noticed a boulder beetle
 15490 | D:11     | Noticed a cyclops
 15716 | D:11     | Noticed Nergalle
 15737 | D:11     | Killed Nergalle
 16085 | D:11     | Reached XP level 12. HP: 90/96 MP: 22/22
 16331 | D:11     | Killed a six-headed hydra
 16644 | Lair:1   | Entered Level 1 of the Lair of Beasts
 16833 | Lair:1   | Reached skill level 7 in Short Blades
 16833 | Lair:1   | Reached skill level 7 in Long Blades
 16833 | Lair:1   | Reached skill level 7 in Maces & Flails
 16833 | Lair:1   | Reached skill level 7 in Polearms
 16833 | Lair:1   | Reached skill level 7 in Staves
 16833 | Lair:1   | Reached skill level 7 in Slings
 16833 | Lair:1   | Reached skill level 7 in Bows
 16833 | Lair:1   | Reached skill level 7 in Crossbows
 16833 | Lair:1   | Reached skill level 7 in Throwing
 16833 | Lair:1   | Reached skill level 7 in Dodging
 16833 | Lair:1   | Reached skill level 7 in Stealth
 16833 | Lair:1   | Reached skill level 7 in Unarmed Combat
 16833 | Lair:1   | Reached skill level 7 in Spellcasting
 16833 | Lair:1   | Reached skill level 7 in Evocations
 17203 | Lair:1   | Noticed an eight-headed hydra
 17473 | Lair:1   | Killed an eight-headed hydra
 17501 | Lair:1   | Identified the +6 short sword of Distant Worlds {elec,
                  | *Slow Int+4 Dex+5}
 18199 | Lair:2   | HP: 15/97 [komodo dragon (17)]
 18212 | Lair:2   | Reached skill level 6 in Conjurations
 18212 | Lair:2   | Reached skill level 6 in Hexes
 18212 | Lair:2   | Reached skill level 6 in Summonings
 18212 | Lair:2   | Reached skill level 6 in Necromancy
 18212 | Lair:2   | Reached skill level 6 in Translocations
 18212 | Lair:2   | Reached skill level 6 in Transmutations
 18212 | Lair:2   | Reached skill level 6 in Fire Magic
 18212 | Lair:2   | Reached skill level 6 in Ice Magic
 18212 | Lair:2   | Reached skill level 6 in Air Magic
 18212 | Lair:2   | Reached skill level 6 in Earth Magic
 18212 | Lair:2   | Reached skill level 6 in Poison Magic
 18475 | Lair:2   | You pick up a book of Spectacle and begin reading...
 18475 | Lair:2   | You add the spells Dazzling Flash, Iskenderun's Mystic
                  | Blast and Starburst to your library.
 18488 | Lair:2   | Found a hole to the Spider Nest.
 18509 | Lair:2   | HP: 22/97 [meliai/divine providence (10)]
 18515 | Lair:2   | HP: 9/97 [meliai/divine providence (9)]
 18520 | Lair:2   | HP: 13/97 [poisoned by a killer bee]
 18525 | Lair:2   | HP: 9/97 [poisoned by a killer bee]
 18950 | Lair:2   | Reached skill level 8 in Invocations
 19045 | Lair:2   | Bought a +4 plate armour of cold resistance for 650 gold
                  | pieces
 19670 | Lair:2   | Reached skill level 10 in Fighting
 19670 | Lair:2   | Reached skill level 10 in Armour
 19670 | Lair:2   | Reached skill level 10 in Shields
 20478 | Lair:3   | Reached skill level 9 in Axes
 21480 | Lair:3   | Reached XP level 13. HP: 90/103 MP: 20/24
 22647 | Lair:4   | Reached skill level 8 in Short Blades
 22647 | Lair:4   | Reached skill level 8 in Long Blades
 22647 | Lair:4   | Reached skill level 8 in Maces & Flails
 22647 | Lair:4   | Reached skill level 8 in Polearms
 22647 | Lair:4   | Reached skill level 8 in Staves
 22647 | Lair:4   | Reached skill level 8 in Slings
 22647 | Lair:4   | Reached skill level 8 in Bows
 22647 | Lair:4   | Reached skill level 8 in Crossbows
 22647 | Lair:4   | Reached skill level 8 in Throwing
 22647 | Lair:4   | Reached skill level 8 in Dodging
 22647 | Lair:4   | Reached skill level 8 in Stealth
 22647 | Lair:4   | Reached skill level 8 in Unarmed Combat
 22647 | Lair:4   | Reached skill level 8 in Spellcasting
 22647 | Lair:4   | Reached skill level 8 in Evocations
 23110 | Lair:4   | You pick up a book of the Senses and begin reading...
 23162 | Lair:4   | Found a staircase to the Shoals.
 23334 | Lair:4   | Identified the +4 war axe of Recklessness {flame, rF- rC++
                  | rCorr}
 24255 | Lair:4   | Reached skill level 9 in Invocations
 25020 | Lair:5   | Reached skill level 7 in Conjurations
 25020 | Lair:5   | Reached skill level 7 in Hexes
 25020 | Lair:5   | Reached skill level 7 in Summonings
 25020 | Lair:5   | Reached skill level 7 in Necromancy
 25020 | Lair:5   | Reached skill level 7 in Translocations
 25020 | Lair:5   | Reached skill level 7 in Transmutations
 25020 | Lair:5   | Reached skill level 7 in Fire Magic
 25020 | Lair:5   | Reached skill level 7 in Ice Magic
 25020 | Lair:5   | Reached skill level 7 in Air Magic
 25020 | Lair:5   | Reached skill level 7 in Earth Magic
 25020 | Lair:5   | Reached skill level 7 in Poison Magic
 25078 | Lair:5   | HP: 25/104 [blink frog (7)]
 25104 | Lair:5   | HP: 20/104 [blink frog (3)]
 26004 | Lair:6   | Entered Level 6 of the Lair of Beasts
 26004 | Lair:6   | Found a snail-covered altar of Cheibriados.
 26005 | Lair:6   | Found a staircase to the Slime Pits.
 26405 | Lair:5   | HP: 24/105 [six-headed hydra (6)]
 27227 | Lair:6   | Reached skill level 11 in Fighting
 27227 | Lair:6   | Reached skill level 10 in Axes
 27227 | Lair:6   | Reached skill level 11 in Armour
 27227 | Lair:6   | Reached skill level 11 in Shields
 27327 | Lair:6   | Reached XP level 14. HP: 70/113 MP: 16/26
 27641 | Lair:5   | Reached skill level 9 in Short Blades
 27641 | Lair:5   | Reached skill level 9 in Long Blades
 27641 | Lair:5   | Reached skill level 9 in Maces & Flails
 27641 | Lair:5   | Reached skill level 9 in Polearms
 27641 | Lair:5   | Reached skill level 9 in Staves
 27641 | Lair:5   | Reached skill level 9 in Slings
 27641 | Lair:5   | Reached skill level 9 in Bows
 27641 | Lair:5   | Reached skill level 9 in Crossbows
 27641 | Lair:5   | Reached skill level 9 in Throwing
 27641 | Lair:5   | Reached skill level 9 in Dodging
 27641 | Lair:5   | Reached skill level 9 in Stealth
 27641 | Lair:5   | Reached skill level 9 in Unarmed Combat
 27641 | Lair:5   | Reached skill level 9 in Spellcasting
 27641 | Lair:5   | Reached skill level 9 in Evocations
 29285 | Lair:6   | Reached skill level 10 in Invocations
 30951 | Lair:6   | Found a corrupted altar of Lugonu.
 30951 | Lair:6   | Found a one-way gate to the infinite horrors of the Abyss.
 31915 | D:12     | Noticed a storm dragon
 32064 | D:12     | Found Iklam's Weapon Shoppe.
 32066 | D:12     | Found a staircase to the Orcish Mines.
 32068 | D:12     | Found Owai's Armour Shoppe.
 32089 | D:12     | Bought a +1 pair of boots for 195 gold pieces
 32644 | D:12     | Reached skill level 8 in Conjurations
 32644 | D:12     | Reached skill level 8 in Hexes
 32644 | D:12     | Reached skill level 8 in Summonings
 32644 | D:12     | Reached skill level 8 in Necromancy
 32644 | D:12     | Reached skill level 8 in Translocations
 32644 | D:12     | Reached skill level 8 in Transmutations
 32644 | D:12     | Reached skill level 8 in Fire Magic
 32644 | D:12     | Reached skill level 8 in Ice Magic
 32644 | D:12     | Reached skill level 8 in Air Magic
 32644 | D:12     | Reached skill level 8 in Earth Magic
 32644 | D:12     | Reached skill level 8 in Poison Magic
 32892 | D:12     | magus.rc [v1.9.6]
 32923 | Orc:1    | Entered Level 1 of the Orcish Mines
 33029 | Orc:1    | Found the +4 robe of Folly {Brilliance Will-∞ Int+8}
 33337 | Orc:2    | Entered Level 2 of the Orcish Mines
 33337 | Orc:2    | Noticed Donald
 33337 | Orc:2    | Found Ronuog's Weapon Shop.
 33337 | Orc:2    | Found Qoewomar's Jewellery Boutique.
 33357 | Orc:1    | HP: 18/113 [Donald (12)]
 33369 | Orc:1    | Killed Donald
 33741 | Orc:2    | Found a staircase to the Elven Halls.
 33756 | Orc:2    | Found Liogiem's Distillery.
 33761 | Orc:2    | Found Lish's Antique Weapon Shoppe.
 33827 | Orc:2    | Reached XP level 15. HP: 32/120 MP: 11/28
 34209 | Orc:2    | Found Nuukkeer's Weapon Shop.
 34365 | Orc:2    | Found Mudivvip's Jewellery Emporium.
 34365 | Orc:2    | Found Meeqos's Distillery.
 34367 | Orc:2    | Found Suitiyrgh's Armour Boutique.
 34369 | Orc:2    | Found Vippesk's General Store.
 35214 | Orc:1    | Found a radiant altar of Vehumet.
 35251 | Orc:1    | Found a runed translucent gate.
 35253 | Orc:1    | Found a runed translucent gate.
 35253 | Orc:1    | Found a runed translucent gate.
 35253 | Orc:1    | Noticed Wisobar's ghost (journeyman OgMo)
 35254 | Orc:1    | Noticed Potutehi's ghost (journeyman DDFi)
 35254 | Orc:1    | Noticed Hazorath's ghost (journeyman TrBe)
 35254 | Orc:1    | Noticed Qihugg's ghost (journeyman DsAK)
 35254 | Orc:1    | Noticed Coomeot's ghost (journeyman MfIE)
 36402 | D:13     | Paralysed by a hornet for 3 turns
 36496 | D:12     | Reached skill level 11 in Axes
 36754 | D:12     | Reached skill level 10 in Short Blades
 36754 | D:12     | Reached skill level 10 in Long Blades
 36754 | D:12     | Reached skill level 10 in Maces & Flails
 36754 | D:12     | Reached skill level 10 in Polearms
 36754 | D:12     | Reached skill level 10 in Staves
 36754 | D:12     | Reached skill level 10 in Slings
 36754 | D:12     | Reached skill level 10 in Bows
 36754 | D:12     | Reached skill level 10 in Crossbows
 36754 | D:12     | Reached skill level 10 in Throwing
 36754 | D:12     | Reached skill level 10 in Dodging
 36754 | D:12     | Reached skill level 10 in Stealth
 36754 | D:12     | Reached skill level 10 in Unarmed Combat
 36754 | D:12     | Reached skill level 10 in Spellcasting
 36754 | D:12     | Reached skill level 10 in Evocations
 37202 | D:13     | Found a gate to the Vaults.
 37372 | D:13     | Reached skill level 11 in Invocations
 37661 | D:13     | You fall into a shaft and drop 1 floor!
 37675 | D:14     | Reached skill level 12 in Fighting
 37675 | D:14     | Reached skill level 12 in Armour
 37675 | D:14     | Reached skill level 12 in Shields
 37808 | D:14     | Identified the +0 pair of gloves "Losu" {Will+}
 39183 | D:14     | Noticed Roxanne
 39320 | D:14     | HP: 16/120 [Roxanne/iron shot (20)]
 39906 | D:14     | Learned a level 5 spell: Silence
 40075 | D:14     | Killed Roxanne
 40077 | D:14     | You pick up a book of the Earth and begin reading...
 40077 | D:14     | You add the spells Leda's Liquefaction, Lee's Rapid
                  | Deconstruction and Statue Form to your library.
 40904 | D:15     | Entered Level 15 of the Dungeon
 41780 | D:15     | Found a staircase to the Depths.
 42438 | D:15     | Learned a level 6 spell: Statue Form
 43001 | Spider:1 | Entered Level 1 of the Spider Nest
 43373 | Lair:2   | Reached XP level 16. HP: 74/114 MP: 18/30
 43522 | Spider:1 | You pick up a book of Winter and begin reading...
 43522 | Spider:1 | You add the spells Ozocubu's Armour, Metabolic Englaciation
                  | and Simulacrum to your library.
 44261 | Spider:1 | Reached skill level 9 in Conjurations
 44261 | Spider:1 | Reached skill level 9 in Hexes
 44261 | Spider:1 | Reached skill level 9 in Summonings
 44261 | Spider:1 | Reached skill level 9 in Necromancy
 44261 | Spider:1 | Reached skill level 9 in Translocations
 44261 | Spider:1 | Reached skill level 9 in Transmutations
 44261 | Spider:1 | Reached skill level 9 in Fire Magic
 44261 | Spider:1 | Reached skill level 9 in Ice Magic
 44261 | Spider:1 | Reached skill level 9 in Air Magic
 44261 | Spider:1 | Reached skill level 9 in Earth Magic
 44261 | Spider:1 | Reached skill level 9 in Poison Magic
 45279 | Spider:1 | HP: 32/129 [poisoned by an emperor scorpion]
 45284 | Spider:1 | HP: 28/129 [poisoned by an emperor scorpion]
 46100 | Spider:1 | You pick up a book of Beasts and begin reading...
 46100 | Spider:1 | You add the spells Summon Ice Beast, Summon Mana Viper and
                  | Monstrous Menagerie to your library.
 47032 | Spider:2 | Gained mutation: Your body sometimes deteriorates upon
                  | taking damage. [mutagenic glow]
 47203 | Spider:2 | Reached skill level 11 in Short Blades
 47203 | Spider:2 | Reached skill level 11 in Long Blades
 47203 | Spider:2 | Reached skill level 11 in Maces & Flails
 47203 | Spider:2 | Reached skill level 11 in Polearms
 47203 | Spider:2 | Reached skill level 11 in Staves
 47203 | Spider:2 | Reached skill level 11 in Slings
 47203 | Spider:2 | Reached skill level 11 in Bows
 47203 | Spider:2 | Reached skill level 11 in Crossbows
 47203 | Spider:2 | Reached skill level 11 in Throwing
 47203 | Spider:2 | Reached skill level 11 in Dodging
 47203 | Spider:2 | Reached skill level 11 in Stealth
 47203 | Spider:2 | Reached skill level 11 in Unarmed Combat
 47203 | Spider:2 | Reached skill level 11 in Spellcasting
 47203 | Spider:2 | Reached skill level 11 in Evocations
 47231 | Spider:1 | Reached skill level 12 in Invocations
 47875 | Spider:2 | Reached skill level 12 in Axes
 48914 | Spider:2 | HP: 32/129 [poisoned by a redback]
 48919 | Spider:2 | HP: 28/129 [poisoned by a redback]
 49764 | Spider:2 | HP: 29/129 [broodmother (17)]
 50739 | Spider:3 | Reached skill level 13 in Fighting
 50739 | Spider:3 | Reached skill level 13 in Armour
 50739 | Spider:3 | Reached skill level 13 in Shields
 51060 | Spider:2 | HP: 28/117 [pharaoh ant (9)]
 51069 | Spider:2 | Reached XP level 17. HP: 49/118 MP: 8/32
 52365 | Spider:3 | You pick up a book of Dreams and begin reading...
 52370 | Spider:3 | You pick up a book of Iron and begin reading...
 52370 | Spider:3 | You add the spells Animate Armour, Blade Hands and Iron
                  | Shot to your library.
 54442 | Orc:2    | Bought a ring of wizardry for 420 gold pieces
 54501 | Orc:2    | Bought a ring of wizardry for 450 gold pieces
 54517 | Orc:2    | Bought a thick robe for 176 gold pieces
 54517 | Orc:2    | Identified the +0 robe of Emiuluow {Fly rPois Regen+
                  | Stlth+} (You bought it in a shop on level 2 of the Orcish
                  | Mines)
 54533 | Orc:2    | Learned a level 5 spell: Fireball
 54732 | Shoals:1 | Entered Level 1 of the Shoals
 57202 | Shoals:2 | Reached skill level 10 in Conjurations
 57202 | Shoals:2 | Reached skill level 10 in Hexes
 57202 | Shoals:2 | Reached skill level 10 in Summonings
 57202 | Shoals:2 | Reached skill level 10 in Necromancy
 57202 | Shoals:2 | Reached skill level 10 in Translocations
 57202 | Shoals:2 | Reached skill level 10 in Transmutations
 57202 | Shoals:2 | Reached skill level 10 in Fire Magic
 57202 | Shoals:2 | Reached skill level 10 in Ice Magic
 57202 | Shoals:2 | Reached skill level 10 in Air Magic
 57202 | Shoals:2 | Reached skill level 10 in Earth Magic
 57202 | Shoals:2 | Reached skill level 10 in Poison Magic
 57427 | Shoals:2 | You pick up a book of Spectacle and begin reading...
 57905 | Shoals:2 | Noticed a kraken
 58832 | Shoals:3 | Found Lotui's Assorted Antiques.
 59489 | Shoals:3 | Reached skill level 13 in Invocations
 59606 | Shoals:3 | Reached skill level 12 in Short Blades
 59606 | Shoals:3 | Reached skill level 12 in Long Blades
 59606 | Shoals:3 | Reached skill level 12 in Maces & Flails
 59606 | Shoals:3 | Reached skill level 12 in Polearms
 59606 | Shoals:3 | Reached skill level 12 in Staves
 59606 | Shoals:3 | Reached skill level 12 in Slings
 59606 | Shoals:3 | Reached skill level 12 in Bows
 59606 | Shoals:3 | Reached skill level 12 in Crossbows
 59606 | Shoals:3 | Reached skill level 12 in Throwing
 59606 | Shoals:3 | Reached skill level 12 in Dodging
 59606 | Shoals:3 | Reached skill level 12 in Stealth
 59606 | Shoals:3 | Reached skill level 12 in Unarmed Combat
 59606 | Shoals:3 | Reached skill level 12 in Spellcasting
 59606 | Shoals:3 | Reached skill level 12 in Evocations
 59698 | Shoals:3 | Noticed Ilsuiw
 59753 | Shoals:3 | Killed Ilsuiw
 60244 | Shoals:3 | Found Useck's CLEARANCE SALE!.
 60730 | Shoals:4 | Entered Level 4 of the Shoals
 60748 | Shoals:4 | Reached XP level 18. HP: 127/144 MP: 30/34
 61298 | Shoals:4 | HP: 29/145 [water nymph/the raging water (21)]
 61306 | Shoals:3 | HP: 25/145 [drowned by a water elemental (4)]
 62314 | Shoals:3 | Reached skill level 13 in Axes
 64561 | Shoals:4 | Found Cubroi's Antique Armour Shop.
 64928 | Shoals:4 | HP: 25/145 [merfolk javelineer/silver javelin (12)]
 65087 | Shoals:4 | HP: 34/145 [merfolk javelineer/silver javelin (3)]
 65090 | Shoals:4 | HP: 11/145 [merfolk javelineer/silver javelin (16)]
 65538 | Shoals:4 | Reached skill level 14 in Fighting
 65538 | Shoals:4 | Reached skill level 14 in Armour
 65538 | Shoals:4 | Reached skill level 14 in Shields
 65683 | Shoals:4 | HP: 36/146 [poisoned by a merfolk]
 66232 | Shoals:4 | You add the spells Alistair's Intoxication and Eringya's
                  | Noxious Bog to your library.
 66281 | Shoals:4 | Got a barnacled rune of Zot
 66643 | Orc:2    | Lost mutation: Your body sometimes deteriorates upon taking
                  | damage. [potion of mutation]
 66643 | Orc:2    | Gained mutation: You are covered in fur. (AC +1) [potion of
                  | mutation]
 66643 | Orc:2    | Gained mutation: You are dopey. (Int -2) [potion of
                  | mutation]
 66643 | Orc:2    | Gained mutation: Your flesh is cold resistant. (rC+)
                  | [potion of mutation]
 66643 | Orc:2    | Gained mutation: You have a somewhat thin skeletal
                  | structure. (Dex +2, Stealth+) [potion of mutation]
 67225 | Shoals:4 | Bought a warped robe for 188 gold pieces
 67225 | Shoals:4 | Identified the +4 robe of the Orb Guardian {MP+9} (You
                  | bought it in a shop on level 4 of the Shoals)
 67484 | Spider:4 | Entered Level 4 of the Spider Nest
 67713 | Spider:4 | You pick up a book of Beasts and begin reading...
 71196 | Spider:4 | Reached XP level 19. HP: 124/152 MP: 29/35
 72180 | Spider:4 | You pick up a book of Callings and begin reading...
 72180 | Spider:4 | You add the spells Summon Small Mammal, Call Canine
                  | Familiar and Summon Guardian Golem to your library.
 72412 | Spider:4 | Reached skill level 14 in Invocations
 72784 | Spider:4 | Got a gossamer rune of Zot
 72802 | Spider:4 | You pick up a book of Dreams and begin reading...
 73399 | Vaults:1 | Entered Level 1 of the Vaults
 73451 | Vaults:1 | HP: 35/152 [war gargoyle[a peacekeeper] (10)]
 73815 | Vaults:1 | Reached skill level 11 in Conjurations
 73815 | Vaults:1 | Reached skill level 11 in Hexes
 73815 | Vaults:1 | Reached skill level 11 in Summonings
 73815 | Vaults:1 | Reached skill level 11 in Necromancy
 73815 | Vaults:1 | Reached skill level 11 in Translocations
 73815 | Vaults:1 | Reached skill level 11 in Transmutations
 73815 | Vaults:1 | Reached skill level 11 in Fire Magic
 73815 | Vaults:1 | Reached skill level 11 in Ice Magic
 73815 | Vaults:1 | Reached skill level 11 in Air Magic
 73815 | Vaults:1 | Reached skill level 11 in Earth Magic
 73815 | Vaults:1 | Reached skill level 11 in Poison Magic
 73850 | Vaults:1 | Reached skill level 13 in Short Blades
 73850 | Vaults:1 | Reached skill level 13 in Long Blades
 73850 | Vaults:1 | Reached skill level 13 in Maces & Flails
 73850 | Vaults:1 | Reached skill level 13 in Polearms
 73850 | Vaults:1 | Reached skill level 13 in Staves
 73850 | Vaults:1 | Reached skill level 13 in Slings
 73850 | Vaults:1 | Reached skill level 13 in Bows
 73850 | Vaults:1 | Reached skill level 13 in Crossbows
 73850 | Vaults:1 | Reached skill level 13 in Throwing
 73850 | Vaults:1 | Reached skill level 13 in Dodging
 73850 | Vaults:1 | Reached skill level 13 in Stealth
 73850 | Vaults:1 | Reached skill level 13 in Unarmed Combat
 73850 | Vaults:1 | Reached skill level 13 in Spellcasting
 73850 | Vaults:1 | Reached skill level 13 in Evocations
 75030 | D:13     | Bought a clouded golden amulet for 135 gold pieces
 75030 | D:13     | Identified the amulet of Lady Luck {RegenMP Regen+ Int+3}
                  | (You bought it in a shop on level 13 of the Dungeon)
 75043 | D:13     | Bought a sapphire ring for 135 gold pieces
 76747 | Vaults:2 | Noticed a bone dragon
 76770 | Vaults:2 | Reached skill level 14 in Axes
 77046 | Vaults:2 | Gained mutation: You occasionally shout uncontrollably at
                  | your foes. [mutagenic glow]
 77456 | Vaults:2 | Reached XP level 20. HP: 161/161 MP: 37/37
 77519 | Vaults:2 | Found a runed translucent gate.
 77519 | Vaults:2 | Found a runed translucent gate.
 77519 | Vaults:2 | Found a runed translucent gate.
 77521 | Vaults:2 | Noticed tamionv's ghost (adept GrFi)
 77936 | Vaults:1 | Reached skill level 15 in Fighting
 77936 | Vaults:1 | Reached skill level 15 in Armour
 77936 | Vaults:1 | Reached skill level 15 in Shields
 78538 | Vaults:2 | Identified the +4 quick blade of Qiseq {protect, Int+7}
 78539 | Vaults:2 | Identified the +2 ring mail of the Game of Life {Harm Fly}
 78542 | Vaults:2 | Found an iron altar of Okawaru.
 79016 | Vaults:2 | You pick up a book of the Dragon and begin reading...
 79016 | Vaults:2 | You add the spells Cause Fear, Dragon Form and Dragon's
                  | Call to your library.
 79148 | Vaults:2 | Learned a level 6 spell: Eringya's Noxious Bog
 79180 | Vaults:3 | Found Gipuhom's General Store.
 79612 | Vaults:3 | Reached skill level 15 in Invocations
 79999 | Vaults:3 | Identified the amulet of the Hidden Orbs {Reflect Str+4
                  | SH+5}
 80080 | Vaults:3 | Reached skill level 14 in Short Blades
 80080 | Vaults:3 | Reached skill level 14 in Long Blades
 80080 | Vaults:3 | Reached skill level 14 in Maces & Flails
 80080 | Vaults:3 | Reached skill level 14 in Polearms
 80080 | Vaults:3 | Reached skill level 14 in Staves
 80080 | Vaults:3 | Reached skill level 14 in Slings
 80080 | Vaults:3 | Reached skill level 14 in Bows
 80080 | Vaults:3 | Reached skill level 14 in Crossbows
 80080 | Vaults:3 | Reached skill level 14 in Throwing
 80080 | Vaults:3 | Reached skill level 14 in Dodging
 80080 | Vaults:3 | Reached skill level 14 in Stealth
 80080 | Vaults:3 | Reached skill level 14 in Unarmed Combat
 80080 | Vaults:3 | Reached skill level 14 in Spellcasting
 80080 | Vaults:3 | Reached skill level 14 in Evocations
 80265 | Vaults:3 | Found Adiy's Magic Scroll Shop.
 80310 | Vaults:3 | Paralysed by a great orb of eyes for 6 turns
 80853 | Vaults:3 | You add the spells Sting, Poisonous Vapours and Olgreb's
                  | Toxic Radiance to your library.
 81384 | Vaults:3 | Reached skill level 12 in Conjurations
 81384 | Vaults:3 | Reached skill level 12 in Hexes
 81384 | Vaults:3 | Reached skill level 12 in Summonings
 81384 | Vaults:3 | Reached skill level 12 in Necromancy
 81384 | Vaults:3 | Reached skill level 12 in Translocations
 81384 | Vaults:3 | Reached skill level 12 in Transmutations
 81384 | Vaults:3 | Reached skill level 12 in Fire Magic
 81384 | Vaults:3 | Reached skill level 12 in Ice Magic
 81384 | Vaults:3 | Reached skill level 12 in Air Magic
 81384 | Vaults:3 | Reached skill level 12 in Earth Magic
 81384 | Vaults:3 | Reached skill level 12 in Poison Magic
 81538 | Vaults:4 | Reached XP level 21. HP: 128/169 MP: 39/39
 81587 | Vaults:4 | magus.rc [v1.9.6]
 82059 | Vaults:4 | Found a portal to a secret trove of treasure.
 82067 | Vaults:4 | This trove needs 5 scrolls of fear to function. Give it the
                  | items?
 82193 | Vaults:4 | Noticed an ancient lich
 82202 | Vaults:4 | Reached skill level 15 in Axes
 82236 | Vaults:4 | HP: 41/169 [something/bolt of acid (11)]
 82247 | Vaults:4 | HP: 31/167 [ancient lich/crystal spear (36)]
 82254 | Vaults:4 | Killed an ancient lich
 84183 | Vaults:3 | Bought a scroll of fear for 70 gold pieces
 84374 | D:11     | Bought a scroll of fear for 59 gold pieces
 84575 | Vaults:4 | This trove needs 5 scrolls of fear to function. Give it the
                  | items?
 84575 | Vaults:4 | You paid a toll of 5 scrolls of fear to enter a treasure
                  | trove
 84576 | Trove    | Entered a treasure trove
 84588 | Trove    | Identified the +0 pair of gloves of Gozag's Favour {rF+++
                  | rC++ Regen+ Str-4}
 84600 | Trove    | Identified the +2 hat of Hedging {rElec rF+ rC+ Str-3}
 84606 | Trove    | Identified the +0 pair of gloves of Jijyeffi {rPois}
 84607 | Trove    | Identified the +2 helmet of the Evil One {rPois}
 84620 | Trove    | Identified the +0 pair of gloves of Pathos {rC+ Regen+}
 84623 | Trove    | Z - +0 storm dragon scales {rare}
 84624 | Trove    | You drop +0 storm dragon scales {rare}.
 84627 | Trove    | Identified the +7 tower shield of Recklessness {rElec}
 84628 | Trove    | Identified the +2 kite shield "Forget-Me-Not" {+Inv rElec
                  | rCorr Slay-6}
 84631 | Trove    | Identified the +0 pair of gloves of the Gardener {rPois
                  | rF+++ Will- Dex-5}
 84632 | Trove    | Identified the +0 cloak "Titoil" {Harm Rampage rF+ Dex-5}
 84633 | Trove    | Identified the +0 cloak "Dufaeg" {Int+6 Slay+2}
 84907 | Elf:1    | Entered Level 1 of the Elven Halls
 84934 | Elf:1    | Found a radiant altar of Vehumet.
 85113 | Elf:1    | Found Law Wergh's Weapon Boutique.
 85200 | Elf:1    | Gained mutation: You are frail. (-10% HP) [a cacodemon]
 85514 | Elf:1    | Lost mutation: You are covered in fur. (AC +1) [potion of
                  | mutation]
 85514 | Elf:1    | Lost mutation: You are frail. (-10% HP) [potion of
                  | mutation]
 85514 | Elf:1    | Gained mutation: You frequently scream uncontrollably at
                  | your foes. [potion of mutation]
 85514 | Elf:1    | Gained mutation: You have sharp toenails. [potion of
                  | mutation]
 85514 | Elf:1    | Gained mutation: You have sharp fingernails. [potion of
                  | mutation]
 85515 | Elf:1    | Lost mutation: You frequently scream uncontrollably at your
                  | foes. [potion of mutation]
 85515 | Elf:1    | Lost mutation: You occasionally shout uncontrollably at
                  | your foes. [potion of mutation]
 85515 | Elf:1    | Gained mutation: You have an increased reservoir of magic.
                  | (+10% MP) [potion of mutation]
 85515 | Elf:1    | Gained mutation: Your spells are a little harder to cast,
                  | but a little more powerful. [potion of mutation]
 85642 | Elf:1    | Got the Volume of Summoning
 85699 | Elf:1    | Learned a level 5 spell: Summon Mana Viper
 85720 | Elf:1    | Found Imufiem's Jewellery Shop.
 86081 | Elf:1    | Found a transporter.
 86081 | Elf:1    | Found a transporter.
 86081 | Elf:1    | Noticed Opsifuid's ghost (journeyman BaBe)
 86251 | Elf:1    | Found a bloodstained altar of Trog.
 86303 | Elf:1    | Found Kian's Magic Scroll Shop.
 86998 | Elf:2    | Found Xofy's Assorted Antiques.
 87003 | Elf:2    | Found Vih Onlec's Magic Scroll Shop.
 87018 | Elf:2    | Bought a scroll of blinking for 105 gold pieces
 87018 | Elf:2    | Bought a scroll of summoning for 133 gold pieces
 87073 | Elf:2    | Bought a sedimented red potion for 34 gold pieces
 87099 | Elf:2    | Reached skill level 16 in Fighting
 87099 | Elf:2    | Reached skill level 16 in Armour
 87099 | Elf:2    | Reached skill level 16 in Shields
 87150 | Elf:2    | Found Lacyclef's Weapon Emporium.
 87250 | Elf:2    | Reached skill level 16 in Invocations
 87269 | Elf:2    | Found a huge runed translucent gate.
 87269 | Elf:2    | Found a huge runed translucent gate.
 87271 | Elf:2    | Found a huge runed translucent gate.
 87573 | Elf:2    | Found a huge runed translucent gate.
 87573 | Elf:2    | Found a huge runed translucent gate.
 87631 | Elf:2    | Reached XP level 22. HP: 148/178 MP: 44/44
 88373 | Elf:3    | Entered Level 3 of the Elven Halls
 88610 | Elf:3    | Reached skill level 15 in Short Blades
 88610 | Elf:3    | Reached skill level 15 in Long Blades
 88610 | Elf:3    | Reached skill level 15 in Maces & Flails
 88610 | Elf:3    | Reached skill level 15 in Polearms
 88610 | Elf:3    | Reached skill level 15 in Staves
 88610 | Elf:3    | Reached skill level 15 in Slings
 88610 | Elf:3    | Reached skill level 15 in Bows
 88610 | Elf:3    | Reached skill level 15 in Crossbows
 88610 | Elf:3    | Reached skill level 15 in Throwing
 88610 | Elf:3    | Reached skill level 15 in Dodging
 88610 | Elf:3    | Reached skill level 15 in Stealth
 88610 | Elf:3    | Reached skill level 15 in Unarmed Combat
 88610 | Elf:3    | Reached skill level 15 in Spellcasting
 88610 | Elf:3    | Reached skill level 15 in Evocations
 88693 | Elf:3    | Identified the +1 great mace "Udaohu" {freeze, *Corrode rF+
                  | Int+4}
 88703 | Elf:3    | a deep elf annihilator comes into view. It is wielding the
                  | +2 Maxwell's thermic engine {flame, freeze}.
 88721 | Elf:3    | Aim: a deep elf annihilator, wielding the +2 Maxwell's
                  | thermic engine {flame, freeze} and wearing a +0 ring mail
                  | (silenced, severely wounded, spells empowered, extremely
                  | poisoned, about 26% to evade your +9 demon trident of
                  | venom)
 88721 | Elf:3    | Aim: a deep elf annihilator, wielding the +2 Maxwell's
                  | thermic engine {flame, freeze} and wearing a +0 ring mail
                  | (silenced, severely wounded, spells empowered, extremely
                  | poisoned, about 26% to evade your +9 demon trident of
                  | venom)
 88772 | Elf:3    | Identified the +9 long sword "Ohomaank" {freeze, +Blink rN+
                  | SInv}
 88779 | Elf:3    | Identified the +9 triple sword "Abaan" {vorpal, Fly}
 88794 | Elf:3    | 27 gold pieces; the +9 triple sword "Abaan" {vorpal, Fly,
                  | longrare=g}; a +0 ring mail
 89126 | Elf:3    | Found a flickering gateway to a bazaar.
 89133 | Bazaar   | Entered a bazaar
 89133 | Bazaar   | Found Xigag's Magic Scroll Shoppe.
 89144 | Bazaar   | Found Idupu's General Store.
 89155 | Bazaar   | Found Dinein Ifei's Jewellery Emporium.
 89166 | Bazaar   | Found Impum's Antique Armour Emporium.
 89181 | Bazaar   | Found Ducia's Antique Weapon Boutique.
 89213 | Bazaar   | Bought a scroll of blinking for 60 gold pieces
 89213 | Bazaar   | Bought a scroll of teleportation for 24 gold pieces
 89213 | Bazaar   | Bought a scroll of fog for 16 gold pieces
 89213 | Bazaar   | Bought a scroll of fear for 28 gold pieces
 89213 | Bazaar   | Bought a scroll of teleportation for 24 gold pieces
 89228 | Bazaar   | Bought a potion of haste for 150 gold pieces
 89228 | Bazaar   | Bought a potion of curing for 45 gold pieces
 89247 | Bazaar   | Bought a smoking helmet for 266 gold pieces
 89247 | Bazaar   | Identified the +0 helmet of Duty {Dex+3} (You bought it in
                  | a shop in a bazaar)
 89260 | Bazaar   | Bought a crude flail for 178 gold pieces
 89260 | Bazaar   | Identified the +0 flail of Lilosogo {flame, Int+4 Dex+3}
                  | (You bought it in a shop in a bazaar)
 89407 | Elf:3    | HP: 42/178 [orc knight (18)]
 89844 | Elf:3    | Got the Papyrus of Captivating Heat
 89875 | Elf:3    | Identified the +0 robe of Responsibility {Will+ Int+2
                  | Dex+5}
 89907 | Elf:3    | Identified the +8 glaive "Nergh" {vorpal, rPois}
 89928 | Elf:3    | You add the spells Borgnjor's Revivification, Necromutation
                  | and Death's Door to your library.
 89967 | Elf:3    | Identified the +0 ring mail of Savybef {Dex+3}
 89970 | Elf:3    | Got Asmodeus's Catalogue of Attacks and Flames
 89972 | Elf:3    | You pick up a book of the Dragon and begin reading...
 89979 | Elf:3    | You add the spells Tukima's Dance and Yara's Violent
                  | Unravelling to your library.
 90441 | Elf:3    | Could not pick up a +1 executioner's axe of flaming
                  | {axerare=g} and an amulet of regeneration {@e2} here;
                  | ([A]lways) ignore them?
 90441 | Elf:3    | Could not pick up a +1 executioner's axe of flaming
                  | {axerare=g} here; ([A]lways) ignore it?
 90441 | Elf:3    | Could not pick up a +1 executioner's axe of flaming
                  | {axerare=g} here; ([A]lways) ignore it?
 90441 | Elf:3    | Could not pick up a +1 executioner's axe of flaming
                  | {axerare=g} here; ([A]lways) ignore it?
 90441 | Elf:3    | Could not pick up a +1 executioner's axe of flaming
                  | {axerare=g} here; ([A]lways) ignore it?
 90441 | Elf:3    | Could not pick up a +1 executioner's axe of flaming
                  | {axerare=g} here; ([A]lways) ignore it?
 90441 | Elf:3    | Could not pick up a +1 executioner's axe of flaming
                  | {axerare=g} here; ([A]lways) ignore it?
 90441 | Elf:3    | Could not pick up a +1 executioner's axe of flaming
                  | {axerare=g} here; ([A]lways) ignore it?
 90442 | Elf:3    | u - a +1 executioner's axe of flaming {axerare=g}
 90471 | Elf:3    | a +0 ring mail; the +9 triple sword "Abaan" {vorpal, Fly,
                  | longrare=g}
 90472 | Elf:3    | a +0 ring mail; the +9 triple sword "Abaan" {vorpal, Fly,
                  | longrare=g}
 90472 | Elf:3    | Could not pick up the +9 triple sword "Abaan" {vorpal, Fly,
                  | longrare=g} here; ([A]lways) ignore it?
 90472 | Elf:3    | a +0 ring mail; the +9 triple sword "Abaan" {vorpal, Fly,
                  | longrare=g}
 90472 | Elf:3    | Could not pick up the +9 triple sword "Abaan" {vorpal, Fly,
                  | longrare=g} here; ([A]lways) ignore it?
 90472 | Elf:3    | a +0 ring mail; the +9 triple sword "Abaan" {vorpal, Fly,
                  | longrare=g}
 90472 | Elf:3    | Could not pick up the +9 triple sword "Abaan" {vorpal, Fly,
                  | longrare=g} here; ([A]lways) ignore it?
 90472 | Elf:3    | a +0 ring mail; the +9 triple sword "Abaan" {vorpal, Fly,
                  | longrare=g}
 90472 | Elf:3    | Could not pick up the +9 triple sword "Abaan" {vorpal, Fly,
                  | longrare=g} here; ([A]lways) ignore it?
 90472 | Elf:3    | a +0 ring mail; the +9 triple sword "Abaan" {vorpal, Fly,
                  | longrare=g}
 90472 | Elf:3    | Could not pick up the +9 triple sword "Abaan" {vorpal, Fly,
                  | longrare=g} here; ([A]lways) ignore it?
 90472 | Elf:3    | a +0 ring mail; the +9 triple sword "Abaan" {vorpal, Fly,
                  | longrare=g}
 90472 | Elf:3    | Could not pick up the +9 triple sword "Abaan" {vorpal, Fly,
                  | longrare=g} here; ([A]lways) ignore it?
 90472 | Elf:3    | Could not pick up the +9 triple sword "Abaan" {vorpal, Fly,
                  | longrare=g} here; ([A]lways) ignore it?
 90472 | Elf:3    | You drop a +1 executioner's axe of flaming {axerare=g}.
 90473 | Elf:3    | u - a +1 executioner's axe of flaming {axerare=g}
 90473 | Elf:3    | a +0 ring mail; the +9 triple sword "Abaan" {vorpal, Fly,
                  | longrare=g}
 90474 | Elf:3    | a +0 ring mail; the +9 triple sword "Abaan" {vorpal, Fly,
                  | longrare=g}
 90474 | Elf:3    | Could not pick up the +9 triple sword "Abaan" {vorpal, Fly,
                  | longrare=g} here; ([A]lways) ignore it?
 90474 | Elf:3    | a +0 ring mail; the +9 triple sword "Abaan" {vorpal, Fly,
                  | longrare=g}
 90474 | Elf:3    | Could not pick up the +9 triple sword "Abaan" {vorpal, Fly,
                  | longrare=g} here; ([A]lways) ignore it?
 90478 | Elf:3    | a +0 ring mail; the +9 triple sword "Abaan" {vorpal, Fly,
                  | longrare=g}
 90478 | Elf:3    | Could not pick up the +9 triple sword "Abaan" {vorpal, Fly,
                  | longrare=g} here; ([A]lways) ignore it?
 90478 | Elf:3    | Could not pick up the +9 triple sword "Abaan" {vorpal, Fly,
                  | longrare=g} here; ([A]lways) ignore it?
 90478 | Elf:3    | Could not pick up the +9 triple sword "Abaan" {vorpal, Fly,
                  | longrare=g} here; ([A]lways) ignore it?
 90479 | Elf:3    | T - the +9 triple sword "Abaan" {vorpal, Fly, longrare=g}
 91155 | Slime:1  | Entered Level 1 of the Pits of Slime
 91440 | Depths:1 | Entered Level 1 of the Depths
 91515 | Depths:1 | Noticed an ancient lich
 91551 | Depths:1 | Paralysed by something for 4 turns
 91552 | Depths:1 | HP: 51/210 [??? (14)]
 91554 | Depths:1 | HP: 12/210 [something (19)]
 91560 | Depths:1 | HP: 12/210 [something (8)]
 91777 | D:15     | Killed an ancient lich
 91919 | Depths:1 | Reached skill level 13 in Conjurations
 91919 | Depths:1 | Reached skill level 13 in Hexes
 91919 | Depths:1 | Reached skill level 13 in Summonings
 91919 | Depths:1 | Reached skill level 13 in Necromancy
 91919 | Depths:1 | Reached skill level 13 in Translocations
 91919 | Depths:1 | Reached skill level 13 in Transmutations
 91919 | Depths:1 | Reached skill level 13 in Fire Magic
 91919 | Depths:1 | Reached skill level 13 in Ice Magic
 91919 | Depths:1 | Reached skill level 13 in Air Magic
 91919 | Depths:1 | Reached skill level 13 in Earth Magic
 91919 | Depths:1 | Reached skill level 13 in Poison Magic
 92268 | Depths:1 | You add the spells Pain and Vampiric Draining to your
                  | library.
 92268 | Depths:1 | Got Kikubaaqudgha's Handbook of Unholy Rites
 92331 | Depths:1 | Found Nayn's Assorted Antiques.
 92420 | Depths:1 | Reached skill level 16 in Axes
 92768 | Depths:1 | Found a gateway to Hell.
 92876 | Depths:1 | Noticed a golden dragon
 92884 | Depths:1 | Reached XP level 23. HP: 183/186 MP: 46/46
 92901 | Depths:1 | Killed a golden dragon
 93524 | Depths:1 | You add the spells Blink and Gell's Gravitas to your
                  | library.
 93524 | Depths:1 | Got the Handbook of the Compass and Companions
 93733 | Depths:1 | You pick up a book of the Wilderness and begin reading...
 93733 | Depths:1 | You add the spells Summon Forest and Summon Cactus Giant to
                  | your library.
 93801 | Depths:1 | Learned a level 7 spell: Monstrous Menagerie
 94163 | Depths:2 | You drop the +9 triple sword "Abaan" {vorpal, Fly,
                  | longrare=g}.
 94189 | Depths:2 | Found Oblorgh's Weapon Shop.
 94189 | Depths:2 | Found Xucagh's Armour Boutique.
 94264 | Depths:3 | Noticed a juggernaut
 94285 | Depths:3 | Killed a juggernaut
 94293 | Depths:3 | Reached skill level 17 in Invocations
 94485 | Depths:3 | Found a magical portal.
 94494 | WizLab   | Entered Maxwell's Workshop
 94897 | WizLab   | Reached skill level 17 in Fighting
 94897 | WizLab   | Reached skill level 17 in Armour
 94897 | WizLab   | Reached skill level 17 in Shields
 94914 | WizLab   | Noticed an electric golem
 95075 | WizLab   | Killed an electric golem
 95325 | WizLab   | You drop a +1 executioner's axe of flaming {axerare=g}.
 95335 | WizLab   | Could not pick up a +1 executioner's axe of flaming
                  | {axerare=g} here; ([A]lways) ignore it?
 95335 | WizLab   | Could not pick up a +1 executioner's axe of flaming
                  | {axerare=g} here; ([A]lways) ignore it?
 95335 | WizLab   | Could not pick up a +1 executioner's axe of flaming
                  | {axerare=g} here; ([A]lways) ignore it?
 95346 | WizLab   | Identified the +1 leather armour "Nututif" {rPois Regen+
                  | Int-2 Dex+4}
 95350 | WizLab   | Identified the +0 pair of boots of Avant Garde Brilliance
                  | {rElec Will+ Dex-5}
 95361 | WizLab   | Could not pick up a +1 executioner's axe of flaming
                  | {axerare=g} here; ([A]lways) ignore it?
 95361 | WizLab   | Could not pick up a +1 executioner's axe of flaming
                  | {axerare=g} here; ([A]lways) ignore it?
 95542 | Depths:2 | Found a one-way gateway to a ziggurat.
 95607 | Depths:2 | Found a one-way gate leading to the halls of Pandemonium.
 95734 | Depths:2 | Reached skill level 16 in Short Blades
 95734 | Depths:2 | Reached skill level 16 in Long Blades
 95734 | Depths:2 | Reached skill level 16 in Maces & Flails
 95734 | Depths:2 | Reached skill level 16 in Polearms
 95734 | Depths:2 | Reached skill level 16 in Staves
 95734 | Depths:2 | Reached skill level 16 in Slings
 95734 | Depths:2 | Reached skill level 16 in Bows
 95734 | Depths:2 | Reached skill level 16 in Crossbows
 95734 | Depths:2 | Reached skill level 16 in Throwing
 95734 | Depths:2 | Reached skill level 16 in Dodging
 95734 | Depths:2 | Reached skill level 16 in Stealth
 95734 | Depths:2 | Reached skill level 16 in Unarmed Combat
 95734 | Depths:2 | Reached skill level 16 in Spellcasting
 95734 | Depths:2 | Reached skill level 16 in Evocations
 95914 | Depths:2 | Reached XP level 24. HP: 195/195 MP: 47/47
 95962 | Depths:2 | Noticed a juggernaut
 95987 | Depths:2 | Killed a juggernaut
 96074 | Depths:2 | Noticed a caustic shrike
 96076 | Depths:2 | Noticed a caustic shrike
 96076 | Depths:2 | Noticed a caustic shrike
 96077 | Depths:2 | Noticed a caustic shrike
 96080 | Depths:2 | HP: 48/244 [caustic shrike (23)]
 96080 | Depths:2 | HP: 16/244 [acid (10)]
 96082 | Depths:2 | HP: 1/247 [caustic shrike (12)]
 96082 | Depths:2 | Splashed by a caustic shrike's acid

Vanquished Creatures
  2 ancient liches
  2 juggernauts
  A golden dragon (Depths:1)
  An electric golem (WizLab)
  A tentacled monstrosity (Depths:3)
  A titan (Depths:2)
  5 liches
  A walking crystal tome (Depths:3)
  4 deep elf master archers (Elf:3)
  5 deep elf blademasters
  6 sphinxes
  Donald (Orc:1)
  4 shadow dragons
  4 tengu reavers
  Roxanne (D:14)
  Ilsuiw (Shoals:3)
  2 frost giants
  10 fire giants
  An iron dragon (Depths:2)
  15 vault wardens
  4 ghost moths
  8 emperor scorpions
  7 deep elf sorcerers
  4 orc warlords
  A deep elf elementalist (Elf:3)
  An angel (WizLab)
  22 ironbound preservers
  20 very ugly things
  17 ironbound thunderhulks
  A war gargoyle (Vaults:1)
  7 stone giants
  3 spriggan defenders
  2 broodmothers (Spider:2)
  7 deep elf annihilators
  8 entropy weavers
  2 deep elf demonologists
  4 vampire knights (Depths:1)
  13 spark wasps
  4 dire elephants
  A blizzard demon (Depths:2)
  9 merfolk javelineers
  6 deep elf death magi
  3 ettins
  A deep elf high priest (Elf:3)
  4 crystal guardians (WizLab)
  4 great orbs of eyes
  4 merfolk impalers
  10 yaktaur captains
  An ice dragon (Depths:1)
  5 peacekeepers
  2 hell beasts (Depths:2)
  19 vault guards
  A caustic shrike simulacrum (Depths:3)
  6 hydras
  5 rakshasas
  A spriggan air mage (Depths:1)
  5 boulder beetles
  5 merfolk avatars
  A radroach (Spider:2)
  7 ironbound frosthearts
  12 centaur warriors
  2 jorogumos
  6 deep troll shamans
  2 alligator snapping turtles
  9 death yaks
  An anaconda (shapeshifter) (Depths:3)
  14 merfolk aquamancers
  5 two-headed ogres
  3 thrashing horrors (Lair:6)
  2 deep troll earth magi (Depths:2)
  6 tengu warriors
  A vampire mage (Depths:1)
  2 titan zombies
  2 orc high priests (Elf:3)
  Nergalle (D:11)
  2 spriggan berserkers
  A hell knight (Depths:3)
  A satyr (Shoals:4)
  4 soul eaters
  11 deep elf knights
  10 pharaoh ants
  7 skeletal warriors
  3 flayed ghosts
  2 iron trolls
  5 orb spiders
  13 steelbarb worms
  2 sun moths
  16 sea snakes
  A shadow wraith (D:15)
  A large abomination (Lair:6)
  A storm dragon skeleton (Vaults:1)
  42 deep trolls
  A tengu zombie (Vaults:4)
  4 glowing orange brains
  A phantasmal warrior (Vaults:4)
  An iron dragon zombie (Depths:1)
  9 deep elf archers
  A golden dragon skeleton (Depths:3)
  22 deep elf zephyrmancers
  10 wizards
  15 harpies
  9 necromancers
  13 lindwurms
  19 orc knights
  8 ironbound convokers
  31 deep elf pyromancers
  67 ugly things
  A frost giant zombie (Vaults:4)
  12 cyclopes
  14 fauns
  A fire giant zombie (Depths:2)
  21 wolf spiders
  3 salamanders (WizLab)
  16 manticores
  2 salamanders (shapeshifter)
  4 moths of wrath
  Maurice (D:11)
  6 elephants (Lair:4)
  18 merfolk sirens
  Joseph (D:7)
  3 smoke demons (Lair:6)
  10 vault sentinels
  6 gargoyles
  8 cane toads
  A stone giant skeleton (Vaults:4)
  5 water nymphs
  A molten gargoyle (WizLab)
  10 torpor snails
  3 black mambas
  A human skeleton (Vaults:4)
  A yaktaur (shapeshifter) (D:13)
  An efreet (D:14)
  22 demonic crawlers
  A yaktaur zombie (Vaults:4)
  A rime drake (shapeshifter) (Lair:6)
  18 komodo dragons
  21 yaktaurs
  7 rime drakes
  2 unseen horrors (D:11)
  An elf skeleton (Vaults:1)
  4 tengu conjurers
  A kobold demonologist (D:12)
  A human zombie (Vaults:4)
  2 ancient zymes
  16 meliai
  A shadow dragon simulacrum (Depths:3)
  A hornet (Depths:2)
  20 merfolk
  7 trolls
  A hornet (shapeshifter) (D:13)
  8 wind drakes
  15 tarantellas
  47 slime creatures
  10 dream sheep
  13 snapping turtles
  A meliai zombie (D:10)
  A fire giant simulacrum (Depths:2)
  17 blink frogs
  24 culicivoras
  Sigmund (D:6)
  An air elemental (Elf:2)
  18 jumping spiders
  A shadow (D:10)
  A wraith (D:13)
  6 wyverns
  24 water elementals
  A ynoxinul (Lair:6)
  5 fire elementals
  10 basilisks
  2 spriggans
  39 yaks
  An elf simulacrum (Vaults:4)
  A steam dragon (D:8)
  7 vampire mosquitoes
  2 chaos spawn
  41 redbacks
  Edmund (D:5)
  3 wargs
  An acid dragon (D:12)
  A floating eye (Depths:2)
  10 water moccasins
  36 orc warriors
  An ettin simulacrum (Vaults:1)
  3 ice beasts
  A black bear (D:11)
  A sky beast (D:7)
  6 ogres
  A boggart (Vaults:1)
  13 wolves
  18 centaurs
  2 kobold brigands
  10 bullfrogs
  Blork the orc (D:6)
  3 wyvern zombies
  8 earth elementals
  4 scorpions
  5 small abominations (Lair:6)
  A water moccasin skeleton (D:7)
  6 killer bees
  7 wights
  3 electric eels
  3 howler monkeys
  3 centaur zombies
  6 jellies
  16 orc priests
  12 iguanas
  12 orc wizards
  2 lightning spires (WizLab)
  A killer bee zombie (D:6)
  5 howler monkey zombies
  11 gnolls
  A howler monkey skeleton (D:5)
  4 adders
  An ufetubus (D:6)
  An adder skeleton (D:4)
  2 worms (D:4)
  5 dart slugs
  59 orcs
  4 bats
  12 endoplasms
  6 goblins
  5 hobgoblins
  17 kobolds
  5 quokkas
  5 ball pythons
  21 frilled lizards
  4 rats
1647 creatures vanquished.

Vanquished Creatures (collateral kills)
  A dancing weapon (Elf:1)
  2 deep elf archers (Elf:1)
  3 deep elf zephyrmancers (Elf:1)
  A vampire mosquito (Elf:1)
7 creatures vanquished.

Vanquished Creatures (others)
  29 dancing weapons
  A deep elf knight (Elf:1)
  A wizard (Vaults:1)
  2 manticores (Shoals:4)
  A cyclops (Shoals:4)
  A blink frog (Lair:6)
  A water elemental (Elf:1)
  A vampire (D:13)
  2 yaks (Lair:6)
  A fire elemental (Elf:1)
  50 fungi
  90 plants
  24 tentacles (Shoals:2)
204 creatures vanquished.

Grand Total: 1858 creatures vanquished

Table legend:
 A = Non-vault XP
 B = Vault XP
 C = Vault XP percentage of total XP
 D = Non-vault monster count
 E = Vault monster count
 F = Vault count percentage of total count
                 A         B        C        D         E       F
            +---------+---------+-------+---------+---------+-------
      Total |  413378 |  435772 |  51.3 |    1016 |     675 |  39.9
            +---------+---------+-------+---------+---------+-------
        D:1 |      36 |       0 |   0.0 |      21 |       0 |   0.0
        D:2 |     132 |       0 |   0.0 |      16 |       0 |   0.0
        D:3 |     149 |       0 |   0.0 |      18 |       0 |   0.0
        D:4 |     411 |       0 |   0.0 |      19 |       0 |   0.0
        D:5 |     302 |     176 |  36.8 |       9 |       1 |  10.0
        D:6 |     369 |     325 |  46.8 |      10 |       2 |  16.7
        D:7 |    1721 |     455 |  20.9 |      21 |       1 |   4.5
        D:8 |    2390 |      15 |   0.6 |      30 |       5 |  14.3
        D:9 |    1283 |     496 |  27.9 |      18 |       2 |  10.0
       D:10 |    1000 |    3607 |  78.3 |      11 |      13 |  54.2
       D:11 |    4047 |    4507 |  52.7 |       9 |      11 |  55.0
       D:12 |    6011 |    2798 |  31.8 |      13 |       6 |  31.6
       D:13 |    9566 |    5690 |  37.3 |      18 |      12 |  40.0
       D:14 |   15181 |    1364 |   8.2 |      32 |       1 |   3.0
       D:15 |    4880 |   10193 |  67.6 |       7 |       7 |  50.0
     Lair:1 |    2574 |       0 |   0.0 |      11 |       0 |   0.0
     Lair:2 |   10667 |    3096 |  22.5 |      28 |      40 |  58.8
     Lair:3 |    6257 |     147 |   2.3 |      23 |       1 |   4.2
     Lair:4 |    5826 |     256 |   4.2 |      19 |       1 |   5.0
     Lair:5 |   12111 |    1812 |  13.0 |      33 |      11 |  25.0
     Lair:6 |    7346 |   11344 |  60.7 |      18 |      40 |  69.0
   Shoals:1 |   16729 |    1660 |   9.0 |      34 |       2 |   5.6
   Shoals:2 |   11658 |    3338 |  22.3 |      26 |       4 |  13.3
   Shoals:3 |   20894 |    6556 |  23.9 |      45 |      11 |  19.6
   Shoals:4 |   16117 |   20025 |  55.4 |      32 |      33 |  50.8
   Spider:1 |   19949 |       0 |   0.0 |      48 |       0 |   0.0
   Spider:2 |   16190 |    4480 |  21.7 |      38 |      12 |  24.0
   Spider:3 |   23405 |    4056 |  14.8 |      57 |       6 |   9.5
   Spider:4 |   11367 |   19261 |  62.9 |      24 |      26 |  52.0
      Orc:1 |    1347 |    1437 |  51.6 |      28 |       1 |   3.4
      Orc:2 |    1282 |    6699 |  83.9 |      25 |      40 |  61.5
      Elf:1 |   20035 |   10222 |  33.8 |      33 |      21 |  38.9
      Elf:2 |   10046 |   22464 |  69.1 |      20 |      30 |  60.0
      Elf:3 |    9609 |   41272 |  81.1 |      17 |      42 |  71.2
   Vaults:1 |   19913 |   18852 |  48.6 |      32 |      23 |  41.8
   Vaults:2 |   27778 |   29984 |  51.9 |      45 |      39 |  46.4
   Vaults:3 |   22555 |   32719 |  59.2 |      34 |      42 |  55.3
   Vaults:4 |   28153 |   31944 |  53.2 |      42 |      38 |  47.5
   Depths:1 |   21801 |   31695 |  59.2 |      27 |      34 |  55.7
   Depths:2 |   15762 |   62895 |  80.0 |      17 |      72 |  80.9
   Depths:3 |    6529 |   15019 |  69.7 |       8 |      10 |  55.6
     WizLab |       0 |   24913 | 100.0 |       0 |      35 | 100.0
            +---------+---------+-------+---------+---------+-------

Illustrated notes

Table legend:
 A = Kills in this place as a percentage of kills in entire the game.
 B = Kills by you in this place as a percentage of kills by you in the entire game.
 C = Kills by friends in this place as a percentage of kills by friends in the entire game.
 D = Other kills in this place as a percentage of other kills in the entire game.
 E = Experience gained in this place as a percentage of experience gained in the entire game.
 F = Experience gained in this place divided by the number of levels of this place that you have seen.
                   A       B       C       D       E      F
               +-------+-------+-------+-------+-------+----------------------
         Total | 100.0 | 100.0 | 100.0 | 100.0 | 100.0 | 18870.0
       Dungeon |  18.5 |  18.9 |   0.0 |   2.7 |   9.1 | 5140.3
          Lair |  13.3 |  13.5 |   0.0 |   8.1 |   7.2 | 10239.3
        Shoals |  11.1 |  11.2 |   0.0 |   5.4 |  11.4 | 24244.2
   Spider Nest |  12.5 |  12.8 |   0.0 |   0.0 |  11.6 | 24677.0
  Orcish Mines |   5.6 |   5.7 |   0.0 |   0.0 |   1.3 | 5382.5
   Elven Halls |   9.6 |   8.0 | 100.0 |  67.6 |  13.4 | 37882.7
        Vaults |  17.4 |  17.9 |   0.0 |   0.0 |  25.0 | 52974.5
        Depths |   9.9 |   9.8 |   0.0 |  16.2 |  18.1 | 51233.7
        Wizlab |   2.1 |   2.1 |   0.0 |   0.0 |   2.9 | 24913.0
               +-------+-------+-------+-------+-------+----------------------

Table legend: (Time is in decaauts)
 A = Elapsed time spent in this place.
 B = Non-inter-level travel time spent in this place.
 C = Inter-level travel time spent in this place.
 D = Time resting spent in this place.
 E = Time spent auto-exploring this place.
 F = Levels seen in this place.
 G = Mean time per level.
                   A        B        C        D        E       F      G
               +--------+--------+--------+--------+--------+-----+--------+
         Total |  98867 |  92721 |   6146 |  25173 |  41748 |  45 | 2197.0 |
       Dungeon |  27428 |  24818 |   2610 |   4462 |  14719 |  15 | 1828.5 |
          Lair |  16732 |  15631 |   1101 |   4251 |   8874 |   6 | 2788.7 |
        Shoals |  12377 |  11891 |    486 |   5195 |   4240 |   4 | 3094.2 |
   Spider Nest |  16120 |  15917 |    203 |   8432 |   3821 |   4 | 4030.0 |
    Slime Pits |      5 |      4 |      1 |      0 |      0 |   1 |    5.0 |
  Orcish Mines |   3625 |   3000 |    625 |    367 |    974 |   2 | 1812.5 |
   Elven Halls |   5838 |   5345 |    493 |    501 |   2351 |   3 | 1946.0 |
        Vaults |  11037 |  10566 |    471 |   1672 |   5184 |   4 | 2759.2 |
        Depths |   4256 |   4103 |    153 |    218 |   1160 |   3 | 1418.7 |
        Bazaar |    160 |    160 |      0 |      0 |     67 |   1 |  160.0 |
         Trove |    102 |    102 |      0 |      0 |      0 |   1 |  102.0 |
        Wizlab |   1183 |   1183 |      0 |     71 |    356 |   1 | 1183.0 |
               +--------+--------+--------+--------+--------+-----+--------+

Top non-repeatable levels by time:
Spider:3: 5229 daAuts
Shoals:3: 4837 daAuts
Spider:2: 3885 daAuts
  Lair:2: 3581 daAuts
Spider:1: 3520 daAuts
Spider:4: 3485 daAuts
  Lair:5: 3369 daAuts
  Lair:6: 3239 daAuts
    D:14: 3238 daAuts
Shoals:4: 3214 daAuts
Vaults:3: 2985 daAuts
Vaults:4: 2833 daAuts
Vaults:1: 2718 daAuts
    D:10: 2699 daAuts
    D:11: 2608 daAuts
